 Dungeon Crawl Stone Soup version 0.32-a0-540-g866d13106e (webtiles) character file.

Game seed: 11585379234350016260

1425564 sleeves the Acrobat (level 27, 198/198 HPs)
             Began as a Gnoll Shapeshifter on Feb 28, 2024.
             Was an Initiate of Gozag.
             Escaped with the Orb
             ... and 3 runes on Feb 29, 2024!
             The game lasted 04:45:48 (97834 turns).

sleeves the Acrobat (Gnoll Shapeshifter)           Turns: 97834, Time: 04:45:48

Health: 198/198    AC: 25    Str: 19    XL:     27
Magic:  46/46      EV: 27    Int: 36    God:    Gozag
Gold:   3629       SH: 16    Dex: 13    Spells: 6/64 levels left

rFire   + + +        l - +2 morningstar of Red Defence by Offence {chaos, *Noise rElec Str-3 Int+7}
rCold   + + .        T - +2 shield of Resistance {rF++ rC++ Will++}
rNeg    + . .        a - +5 robe of Zeugucko {rPois Int+4}
rPois   +            J - +2 hat of Watchfulness {rElec rN+ Will++ Int-5}
rElec   +            x - +2 cloak {Stlth+}
rCorr   +            p - +2 pair of gloves
SInv    +            U - +1 pair of boots of the Eight Heavens {rElec rCorr Int+4}
Will    +++++        D - amulet "Evunk" {rF+ Regen+ Str+6}
Stlth   +++          j - +4 ring of protection
HPRegen 1.33/turn    M - ring of Koiwnoott {EV+5 Int+6 SInv}
MPRegen 0.30/turn

%: clarity
@: studying 4 skills, bribing [the Dungeon, the Depths]
A: fangs 1, strong nose, distributed training, clarity, frail 1
0: Orb of Zot
}: 3/15 runes: decaying, slimy, gossamer
a: Renounce Religion, Potion Petition, Call Merchant, Bribe Branch


You escaped.
You worshipped Gozag.
Gozag was most pleased with you.
You visited 12 branches of the dungeon, and saw 55 of its levels.
You also visited: Ice Cave, Volcano and Wizlab.

You collected 29745 gold pieces.
You spent 7787 gold pieces at shops.
You paid 18329 gold pieces to Gozag.

Inventory:

Hand Weapons
 l - the +2 morningstar of Red Defence by Offence (weapon) {chaos, *Noise rElec Str-3 Int+7}
   (You bought it in a shop on level 2 of the Orcish Mines)

   Str-3:     It affects your strength (-3).
   Int+7:     It affects your intelligence (+7).
   rElec:     It insulates you from electricity.
   *Noise:    It may make a loud noise when swung.
Missiles
 u - 3 curare-tipped darts
 Q - 14 javelins
Armour
 a - the +5 robe of Zeugucko (worn) {rPois Int+4}
   (You bought it in a shop on level 10 of the Dungeon)

   Int+4:     It affects your intelligence (+4).
   rPois:     It protects you from poison
 p - a +2 pair of gloves (worn)
   (You found it on level 2 of the Swamp)
 t - the +10 crystal plate armour of Hianyaqi {rF+ Dex+3}
   (You found it on level 3 of the Realm of Zot)

   Dex+3:     It affects your dexterity (+3).
   rF+:       It protects you from fire.
 x - a +2 cloak of stealth (worn)
   (You took it off a draconian scorcher on level 4 of the Realm of Zot)
 A - the +2 cloak of Cocytus {rC- Str-3 Dex+7 Slay+4}
   (You bought it in a shop on level 2 of the Depths)

   Str-3:     It affects your strength (-3).
   Dex+7:     It affects your dexterity (+7).
   Slay+4:    It affects your accuracy & damage with ranged weapons and melee
   (+4).
   rC-:       It makes you vulnerable to cold.
 J - the +2 hat of Watchfulness (worn) {rElec rN+ Will++ Int-5}
   (You found it on level 4 of the Spider Nest)

   Int-5:     It affects your intelligence (-5).
   rElec:     It insulates you from electricity.
   rN+:       It protects you from negative energy.
   Will++:    It greatly increases your willpower.
 P - the +1 helmet of New Discoveries {Int+6}
   (You found it on level 3 of the Depths)

   Int+6:     It affects your intelligence (+6).
 T - the +2 shield of Resistance (worn) {rF++ rC++ Will++}
   (You found it on level 5 of the Lair of Beasts)

   rF++:      It greatly protects you from fire.
   rC++:      It greatly protects you from cold.
   Will++:    It greatly increases your willpower.
 U - the +1 pair of boots of the Eight Heavens (worn) {rElec rCorr Int+4}
   (You found it on level 3 of the Elven Halls)

   Int+4:     It affects your intelligence (+4).
   rElec:     It insulates you from electricity.
   rCorr:     It protects you from acid and corrosion.
Jewellery
 j - a +4 ring of protection (left hand)
   (You took it off a gnoll on level 1 of the Dungeon)
 n - a ring of flight
   (You found it on level 3 of the Dungeon)
 D - the amulet "Evunk" (around neck) {rF+ Regen+ Str+6}
   (You bought it in a shop on level 4 of the Depths)

   [amulet of regeneration]

   Str+6:     It affects your strength (+6).
   rF+:       It protects you from fire.
   Regen+:    It increases your rate of health regeneration.
 M - the ring of Koiwnoott (right hand) {EV+5 Int+6 SInv}
   (You took it off a spriggan air mage on level 2 of the Depths)

   [ring of evasion]

   EV+5:      It affects your evasion (+5).
   Int+6:     It affects your intelligence (+6).
   SInv:      It lets you see invisible.
Talismans
 b - the death talisman of the Valley {rF+ Int-4 Slay+5 Stlth+}
   (You found it on level 1 of the Vaults)

   [talisman of death]

   Int-4:     It affects your intelligence (-4).
   Slay+5:    It affects your accuracy & damage with ranged weapons and melee
   (+5).
   rF+:       It protects you from fire.
   Stlth+:    It makes you more stealthy.
Wands
 m - a wand of warping (37)
   (You found it on level 2 of the Dungeon)
 K - a wand of digging (16)
   (You found it on level 3 of the Elven Halls)
 L - a wand of charming (14)
   (You found it on level 5 of the Pits of Slime)
 Y - a wand of light (7)
   (You found it on level 11 of the Dungeon)
Scrolls
 i - 14 scrolls of fog
 o - 16 scrolls of poison
 q - 12 scrolls of teleportation
 s - 2 scrolls of summoning
 w - 14 scrolls of fear
 F - 7 scrolls of immolation
 G - 7 scrolls of amnesia
 H - 4 scrolls of revelation
 N - 2 scrolls of torment
 O - 5 scrolls of enchant weapon
 R - 11 scrolls of enchant armour
 S - 5 scrolls of vulnerability
 X - 6 scrolls of blinking
 Z - 5 scrolls of brand weapon
Potions
 c - 4 potions of cancellation
 e - 10 potions of mutation
 f - 15 potions of haste
 h - 6 potions of ambrosia
 k - 7 potions of enlightenment
 r - 10 potions of heal wounds
 v - 3 potions of invisibility
 z - 7 potions of might
 B - 8 potions of magic
 C - 4 potions of berserk rage
 E - 5 potions of resistance
 I - 21 potions of curing
 V - 10 potions of brilliance
Miscellaneous
 d - a phantom mirror
   (You found it on level 13 of the Dungeon)
 g - a lightning rod (4/4)
   (You found it on level 1 of the Lair of Beasts)
 y - a phial of floods
   (You found it on level 2 of the Swamp)
 W - a condenser vane
   (You found it on level 12 of the Dungeon)


   Skills:
 + Level 19.1 Fighting
 + Level 19.0 Short Blades
 + Level 19.0 Long Blades
 + Level 19.0 Axes
 + Level 19.0 Maces & Flails
 + Level 21.5 Polearms
 + Level 19.0 Staves
 + Level 19.0 Ranged Weapons
 + Level 19.0 Throwing
 + Level 19.0 Armour
 + Level 23.1 Dodging
 + Level 19.0 Stealth
 + Level 19.0 Shields
 + Level 21.1 Unarmed Combat
 + Level 19.0 Spellcasting
 + Level 16.2 Conjurations
 + Level 16.2 Hexes
 + Level 16.2 Summonings
 + Level 16.2 Necromancy
 + Level 16.2 Translocations
 + Level 16.2 Fire Magic
 + Level 19.0 Ice Magic
 + Level 16.2 Air Magic
 + Level 16.2 Earth Magic
 + Level 16.2 Alchemy
 + Level 20.5 Invocations
 + Level 19.0 Evocations
 + Level 18.6 Shapeshifting


You had 6 spell levels left.
You knew the following spells:

 Your Spells              Type           Power      Damage    Failure   Level
a - Freezing Cloud        Conj/Ice/Air   51%        6-21      1%          5
b - Borgnjor's Vile Clut  Necr/Erth      50%        N/A       1%          5
c - Sculpt Simulacrum     Ice/Alch       51%        N/A       1%          6
d - Starburst             Conj/Fire      50%        6d14      1%          6
e - Summon Cactus Giant   Summ           50%        N/A       1%          6
f - Passage of Golubria   Tloc           100%       N/A       0%          4
g - Yara's Violent Unrav  Hex/Alch       50%        3d19      1%          5
h - Plasma Beam           Fire/Air       50%        2x1d65    1%          6
i - Summon Horrible Thin  Summ           50%        N/A       11%         8
j - Haunt                 Necr/Summ      50%        N/A       1%          7

Your spell library contained the following spells:

 Spells                   Type           Power      Damage    Failure   Level
 Foxfire                  Conj/Fire      100%       2x1d9     0%          1
 Freeze                   Ice            100%       1d10      0%          1
 Kiss of Death            Conj/Necr      100%       2d13      0%          1
 Magic Dart               Conj           100%       1d8       0%          1
 Necrotise                Necr           100%       1d9       0%          1
 Sandblast                Erth           100%       2d20      0%          1
 Shock                    Conj/Air       100%       1d9       0%          1
 Slow                     Hex            100%       N/A       0%          1
 Sting                    Conj/Alch      100%       1d9       0%          1
 Summon Small Mammal      Summ           100%       N/A       0%          1
 Cigotuvi's Dreadful Rot  Necr/Alch/Air  100%       N/A       0%          2
 Ensorcelled Hibernation  Hex/Ice        100%       N/A       0%          2
 Jinxbite                 Hex            100%       N/A       0%          2
 Mercury Vapours          Alch/Air       100%       N/A       0%          2
 Scorch                   Fire           100%       2d9       0%          2
 Searing Ray              Conj           100%       2d8       0%          2
 Call Canine Familiar     Summ           100%       N/A       0%          3
 Confusing Touch          Hex            100%       N/A       0%          3
 Dazzling Flash           Conj/Hex       100%       N/A       0%          3
 Frozen Ramparts          Ice            100%       1d16      0%          3
 Fugue of the Fallen      Necr           100%       N/A       0%          3
 Hailstorm                Conj/Ice       100%       3d16      0%          3
 Mephitic Cloud           Conj/Alch/Air  100%       N/A       0%          3
 Ozocubu's Armour         Ice            100%       N/A       0%          3
 Passwall                 Erth           100%       N/A       0%          3
 Sigil of Binding         Hex            100%       N/A       0%          3
 Stone Arrow              Conj/Erth      100%       3d13      0%          3
 Summon Ice Beast         Ice/Summ       100%       N/A       0%          3
 Swiftness                Air            100%       N/A       0%          3
 Tukima's Dance           Hex            100%       N/A       0%          3
 Vampiric Draining        Necr           100%       2d13      0%          3
 Volatile Blastmotes      Fire/Tloc      100%       2d18      0%          3
 Airstrike                Air            50%        2d(8-24)  0%          4
 Animate Armour           Summ/Erth      100%       N/A       0%          4
 Brom's Barrelling Bould  Conj/Erth      100%       2d11      0%          4
 Dispel Undead            Necr           100%       3d31      0%          4
 Flame Wave               Conj/Fire      100%       2d21      0%          4
 Fulminant Prism          Conj/Alch      50%        3d22      0%          4
 Iskenderun's Mystic Bla  Conj/Tloc      100%       2d19      0%          4
 Leda's Liquefaction      Alch/Erth      50%        N/A       0%          4
 Manifold Assault         Tloc           100%       N/A       0%          4
 Martyr's Knell           Necr/Summ      100%       N/A       0%          4
 Olgreb's Toxic Radiance  Alch           100%       N/A       0%          4
 Petrify                  Alch/Erth      100%       N/A       0%          4
 Sticky Flame             Fire/Alch      100%       2d15      0%          4
 Summon Blazeheart Golem  Fire/Summ      100%       N/A       0%          4
 Summon Lightning Spire   Summ/Air       100%       N/A       0%          4
 Vhi's Electric Charge    Tloc/Air       100%       N/A       0%          4
 Arcjolt                  Conj/Air       50%        1d60      1%          5
 Curse of Agony           Necr           100%       N/A       1%          5
 Irradiate                Conj/Alch      50%        3d28      1%          5
 Metabolic Englaciation   Hex/Ice        51%        N/A       1%          5
 Summon Forest            Summ/Tloc      50%        N/A       1%          5
 Summon Mana Viper        Hex/Summ       100%       N/A       1%          5
 Death Channel            Necr           50%        N/A       1%          6
 Eringya's Noxious Bog    Alch           50%        4d6       1%          6
 Enfeeble                 Hex            50%        N/A       1%          7
 Malign Gateway           Summ/Tloc      50%        N/A       1%          7
 Orb of Destruction       Conj           50%        9d13      1%          7
 Summon Hydra             Summ           50%        N/A       1%          7
 Borgnjor's Revivificati  Necr           50%        N/A       11%         8
 Infestation              Necr           50%        N/A       11%         8
 Lehudib's Crystal Spear  Conj/Erth      50%        10d12     11%         8
 Maxwell's Capacitive Co  Air            50%        ∞         11%         8
 Polar Vortex             Ice            53%        12d7*     45%         9
 Chain Lightning          Conj/Air       50%        3d66      86%         9
 Death's Door             Necr           50%        N/A       86%         9
 Fire Storm               Conj/Fire      50%        8d13      86%         9
 Shatter                  Erth           50%        3d38*     86%         9
 Animate Dead             Necr           Unusable   N/A       N/A         4

Dungeon Overview and Level Annotations

Branches:
Dungeon (15/15)            Temple (1/1) D:5            Lair (5/5) D:9
  Swamp (4/4) Lair:3       Spider (4/4) Lair:2        Slime (5/5) Lair:5
    Orc (2/2) D:12            Elf (3/3) Orc:2        Vaults (4/5) D:14
  Crypt (3/3) Vaults:3       Tomb (0/3) Crypt:3      Depths (4/4) D:15
    Zot (5/5) Depths:4      IceCv (visited)         Volcano (visited)
 WizLab (visited)

Altars:
Ashenzari
Cheibriados
Dithmenos
Elyvilon
Fedhas
Gozag
Hepliaklqana
Kikubaaqudgha
Makhleb
Nemelex Xobeh
Okawaru
Qazlal
Ru
Sif Muna
Trog
Uskayaw
Vehumet
Wu Jian
Xom
Yredelemnul
Zin
The Shining One
Beogh

Shops:
D:10 [   Orc:1 *   Orc:2 (=*(   Elf:1 !   Elf:3 (   Vaults:3 :
Depths:1 ![**?[   Depths:2 [   Depths:3 *   Depths:4 ([[=*

Portals:
Hell: Depths:1 Depths:2 Depths:3 Depths:4
Abyss: Depths:3
Pandemonium: Depths:2 Depths:3
Ziggurat: Depths:3
Trove: D:12 (give +3 shadow dragon scales)

Annotations:
D:3 2 transporters, Splishie's ghost, amateur DrMo
Lair:4 1 runed translucent door, Ahar's ghost, journeyman HONe
Swamp:3 1 runed translucent door, Yrphiceun's ghost, adept TeGl
Swamp:4 1 runed translucent door, DimondSprtn's ghost, adept DrAl
Slime:5 exclusion: upstairs
Vaults:1 1 runed translucent door, Yhagabbo's ghost, adept DrCj
Vaults:3 Bai Suzhen


Innate Abilities, Weirdness & Mutations

You have very sharp teeth.
Your uncanny sense of smell can sniff out nearby items.
Your experience applies equally to all skills.
You possess an exceptional clarity of mind.
You are frail. (-10% HP)


Message History

The Orb Guardian hits your Executioner but does no damage.
Your Executioner hits the Orb Guardian!
Your Executioner closely misses the Orb Guardian.
Your Executioner barely misses the Orb Guardian.
Your Executioner hits the Orb Guardian! Your Executioner hits the Orb Guardian.
Your Executioner hits the Orb Guardian but does no damage.
The Orb Guardian hits your Executioner.
Your Executioner misses the Orb Guardian.
Your Executioner hits the Orb Guardian.
Your Executioner hits the Orb Guardian but does no damage.
Your Executioner hits the Orb Guardian!!
Your Executioner hits the Orb Guardian.
Your Executioner hits the Orb Guardian but does no damage.
The Orb Guardian hits your Executioner.
Your Executioner hits the Orb Guardian but does no damage.
Your Executioner hits the Orb Guardian! Your Executioner hits the Orb Guardian.
The Orb Guardian completely misses your Executioner.
Your Orb Guardian hits the Orb Guardian!!
The Orb Guardian dies!
Your Unarmed Combat skill increases to level 21!
An electric golem comes into view.
You see here 19 gold pieces.
An Orb Guardian comes into view.
Your Executioner hits the electric golem! x2
Your Executioner hits the electric golem but does no damage.
The electric golem hits your Executioner!
The electric golem shocks your Executioner.
Your Executioner resists.
The electric golem hits your Executioner!
The electric golem shocks your Executioner.
Your Executioner resists.
The electric golem closely misses your Executioner.
The electric golem hits your Executioner but does no damage.
Your Executioner hits the electric golem!!
Your Executioner hits the electric golem. x2
The Orb Guardian is distracted by your dazzling golden aura.
The electric golem completely misses your Executioner.
The electric golem hits your Executioner.
The electric golem shocks your Executioner.
Your Executioner resists.
The electric golem hits your Executioner but does no damage.
The electric golem misses your Executioner.
Your Executioner hits the electric golem!
Your Executioner misses the electric golem.
Your Executioner hits the electric golem! x2
Your Executioner closely misses the electric golem.
Your Executioner hits the electric golem.
Your Executioner hits the electric golem!!
Your Executioner closely misses the electric golem.
Your Executioner hits the electric golem.
The electric golem hurls lightning at your Executioner.
The bolt of lightning hits your Executioner.
Your Executioner resists.
The bolt of lightning hits your Orb Guardian!
You hear a roar! x4; You hear a shout!
Your white draconian stormcaller grins greedily, jangling a coin purse.
A white draconian stormcaller comes into view.
It is wielding a +0 rapier.
Your Executioner disappears in a puff of smoke!
The electric golem hurls lightning at your Orb Guardian.
The bolt of lightning hits your Orb Guardian!!!
Your white draconian stormcaller breathes frost at the electric golem.
The blast of cold hits the electric golem.
The electric golem resists.
You hear a roar!
Your red draconian grins greedily, jangling a coin purse.
A red draconian comes into view. It is wielding a +0 morningstar.
The electric golem hurls lightning at your white draconian stormcaller.
The bolt of lightning hits your white draconian stormcaller!!!
Your white draconian stormcaller hits the electric golem with a +0 rapier.
Your red draconian breathes fire at the electric golem.
The searing blast hits the electric golem!
The electric golem resists.
Your yellow draconian annihilator grins greedily, jangling a coin purse.
Your black draconian grins greedily, jangling a coin purse.
Your purple draconian grins greedily, jangling a coin purse.
A yellow draconian annihilator, a black draconian and a purple draconian come into view.
The Orb Guardian is no longer distracted by gold.
Your white draconian stormcaller hits the electric golem with a +0 rapier!
The electric golem is destroyed!
Your black draconian moves out of view.
Your Orb Guardian hits the Orb Guardian but does no damage.
Your white draconian stormcaller breathes frost at the Orb Guardian.
The blast of cold hits the Orb Guardian!!!
Your Orb Guardian hits the Orb Guardian!!
You puncture the Orb Guardian!
The Orb Guardian convulses.
You bite the Orb Guardian, but do no damage.
The Orb Guardian is almost dead.
The Orb Guardian hits you!
Your Orb Guardian barely misses the Orb Guardian.
Your red draconian hits the Orb Guardian with a +0 morningstar!!
The Orb Guardian dies!
Your Short Blades skill increases to level 19!
Your Long Blades skill increases to level 19!
Your Axes skill increases to level 19!
Your Maces & Flails skill increases to level 19!
Your Staves skill increases to level 19!
Your Ranged Weapons skill increases to level 19!
Your Throwing skill increases to level 19!
Your Armour skill increases to level 19!
Your Stealth skill increases to level 19!
Your Shields skill increases to level 19!
Your Spellcasting skill increases to level 19!
Your Evocations skill increases to level 19!
You now have 9240 gold pieces (gained 21).
You swap places.
You swap places.
The Orb Guardian stares, then turns away, jangling a coin purse.
An Orb Guardian comes into view. x2
Your yellow draconian annihilator spits acid at the Orb Guardian.
The splash of acid hits the Orb Guardian!!
The acid corrodes the Orb Guardian!
The Orb Guardian moves out of view.
Found 6 curare-tipped darts.
Your Orb Guardian misses the Orb Guardian.
You block the Orb Guardian's attack.
Your dread lich mumbles some strange words.
Your black draconian hits the Orb Guardian with a +0 short sword!
Your Orb Guardian misses the Orb Guardian.
The Orb Guardian attacks as it pursues you!
The Orb Guardian hits you but does no damage.
Your red draconian breathes fire at the Orb Guardian.
The searing blast hits the Orb Guardian!!
The Orb Guardian closely misses your Orb Guardian.
Your Orb Guardian hits the Orb Guardian!!!
The Orb Guardian dies!
The yellow draconian stares, then turns away, jangling a coin purse.
A yellow draconian comes into view. It is wielding a +0 trident.
You see here 6 curare-tipped darts.
A moth of wrath comes into view.
Found a book of the Tundra and 39 gold pieces.
An orb of fire comes into view.
The orb of fire stares, then turns away, jangling a coin purse.
Your bribe of the Realm of Zot has been exhausted.
The orb of fire is no longer bribed.
The yellow draconian is no longer bribed.
The yellow draconian spits acid at your Orb Guardian.
The splash of acid hits your Orb Guardian!
The acid corrodes your Orb Guardian!
Your white draconian stormcaller calls down the wrath of Qazlal upon the moth of wrath.
The moth of wrath is smitten.
You block the moth of wrath's attack.
Your Orb Guardian closely misses the yellow draconian.
The yellow draconian hits your Orb Guardian with a +0 trident.
You thump the moth of wrath! You burn the moth of wrath.
The moth of wrath is heavily wounded.
The moth of wrath completely misses you.
Your Orb Guardian hits the moth of wrath!!
You hit the moth of wrath. You bite the moth of wrath.
The moth of wrath is almost dead.
Your red draconian breathes fire at the moth of wrath.
The searing blast hits the moth of wrath!!
The moth of wrath dies!
The yellow draconian hits your Orb Guardian but does no damage.
Your Orb Guardian hits the yellow draconian!!!
The Orb Guardian hits your Orb Guardian!!
The orb of fire glows deep purple.
Your Orb Guardian twists and deforms.
Your Orb Guardian hits the orb of fire!
The yellow draconian hits your Orb Guardian with a +0 trident.
Your Orb Guardian dies!
The Orb Guardian barely misses your black draconian.
Your black draconian hits the yellow draconian with a +0 short sword.
Your dread lich gestures wildly while chanting.
The yellow draconian spits acid at your dread lich.
The splash of acid hits your dread lich!
The acid corrodes your dread lich!
The Orb Guardian hits your black draconian but does no damage.
Your dread lich touches the yellow draconian!
Your dread lich drains the yellow draconian.
Your black draconian breathes lightning at the Orb Guardian.
The bolt of lightning hits the Orb Guardian!!!
The yellow draconian hits your dread lich with a +0 trident!
Your Orb Guardian hits the orb of fire!!
The Orb Guardian closely misses your black draconian.
The orb of fire glows bright magenta.
The bolt of fire hits your black draconian!!!
The bolt of fire hits your dread lich!!
Your dread lich resists.
Your Brimstone Fiend hits the yellow draconian but does no damage.
Your Brimstone Fiend barely misses the yellow draconian.
Your Brimstone Fiend hits the yellow draconian!
You hear a shout!
The Orb Guardian hits your black draconian!
Your red draconian hits the orb of fire with a +0 morningstar.
The yellow draconian hits your Brimstone Fiend but does no damage.
Your Brimstone Fiend closely misses the yellow draconian.
Your Brimstone Fiend hits the yellow draconian. x2
Your Orb Guardian hits the orb of fire but does no damage.
The Orb Guardian hits your dread lich!!!
Your reaper hits the orb of fire but does no damage.
Your red draconian hits the orb of fire with a +0 morningstar!
Your black draconian barely misses the yellow draconian.
Your yellow draconian annihilator gestures wildly while chanting.
Your yellow draconian annihilator blinks!
The yellow draconian closely misses your Brimstone Fiend.
The orb of fire is distracted by your dazzling golden aura.
Your Orb Guardian hits the orb of fire but does no damage.
The orb of fire is no longer distracted by gold.
The Orb Guardian closely misses your dread lich.
Your Brimstone Fiend hits the yellow draconian!
Your Brimstone Fiend hits the yellow draconian but does no damage.
Your Brimstone Fiend hits the yellow draconian!
Your dread lich mumbles some strange words.
Your dread lich seems to speed up.
Your red draconian hits the orb of fire with a +0 morningstar!
Your black draconian closely misses the yellow draconian.
The yellow draconian hits your Brimstone Fiend with a +0 trident!
Your Orb Guardian closely misses the orb of fire.
Your reaper hits the orb of fire from afar with a +0 scythe of protection.
The Orb Guardian is distracted by your dazzling golden aura.
Your Brimstone Fiend hits the yellow draconian.
The yellow draconian dies!
The orb of fire is distracted by your dazzling golden aura.
Your dread lich barely misses the orb of fire.
Your Orb Guardian hits the orb of fire!!
The orb of fire is no longer distracted by gold.
Your reaper hits the orb of fire from afar with a +0 scythe of protection!
Your red draconian breathes fire at the orb of fire.
The searing blast hits the orb of fire.
The orb of fire completely resists.
The searing blast hits the Orb Guardian!!!
The Orb Guardian is no longer distracted by gold.
Your dread lich touches the Orb Guardian but does no damage.
Your Orb Guardian hits the orb of fire!
The Orb Guardian closely misses your dread lich.
The orb of fire emits a lurid red light.
Your red draconian twists and deforms.
Your dread lich casts a spell.
Your red draconian hits the orb of fire but does no damage.
Your black draconian completely misses the orb of fire.
Your reaper misses the orb of fire.
Your Orb Guardian closely misses the orb of fire.
The Orb Guardian barely misses your dread lich.
Your Brimstone Fiend hits the Orb Guardian but does no damage.
Your Brimstone Fiend hits the Orb Guardian.
Your Brimstone Fiend hits the Orb Guardian!
The Orb Guardian dies!
Your dread lich is no longer covered in acid.
Your Orb Guardian hits the orb of fire.
Your black draconian barely misses the orb of fire.
Your reaper hits the orb of fire from afar with a +0 scythe of protection!
The orb of fire glows yellow.
The fireball explodes!
The fireball engulfs your red draconian!!
Your red draconian resists.
The fireball engulfs your dread lich!!
Your dread lich resists.
The fireball engulfs your Orb Guardian!!!!
Your Orb Guardian dies!
The fireball engulfs your black draconian!!!!
Your black draconian dies!
The fireball engulfs your white draconian stormcaller!!
The fireball engulfs the orb of fire.
The orb of fire completely resists.
Your reaper barely misses the orb of fire.
The orb of fire is distracted by your dazzling golden aura.
Your dread lich touches the orb of fire but does no damage.
The orb of fire is no longer distracted by gold.
Your red draconian misses the orb of fire.
Your white draconian stormcaller calls down the wrath of Qazlal upon the orb of fire.
The orb of fire is smitten.
Your reaper hits the orb of fire from afar with a +0 scythe of protection.
Your Brimstone Fiend completely misses the orb of fire.
Your Brimstone Fiend hits the orb of fire but does no damage.
Your Brimstone Fiend completely misses the orb of fire.
Your reaper misses the orb of fire.
The orb of fire glows yellow.
Your purple draconian twists and deforms.
Your purple draconian hits the orb of fire with a +0 flail!!
The orb of fire is destroyed!
Your purple draconian breathes dispelling energy at the Orb Guardian.
The bolt of dispelling energy hits the Orb Guardian!!
Your white draconian stormcaller invokes the aid of Qazlal against the Orb Guardian.
The Orb Guardian is smitten.
Your dread lich mumbles some strange words.
Your dread lich flickers and vanishes for a moment.
An Orb Guardian is nearby!
An Orb Guardian is nearby!
An Orb Guardian is nearby!
An Orb Guardian is nearby!
An Orb Guardian is nearby!
An Orb Guardian is nearby!
What are your orders? t - Bark!
Orders for allies: a - Attack new target. r - Retreat! s - Stop attacking. g - Guard the area. f - Follow me.
Anything else - Cancel.
Gang up on whom?
Press: ? - help, Dir - move target, f - you Really target yourself? [Y]es or [N]o only, please.
Really target yourself? [Y]es or [N]o only, please.
Really target yourself?
Okay, then.
What are your orders? t - Bark!
Orders for allies: a - Attack new target. r - Retreat! s - Stop attacking. g - Guard the area. f - Follow me.
Anything else - Cancel.
Gang up on whom?
Press: ? - help, Dir - move target, f - you
Okay, then.
The Orb Guardian closely misses your purple draconian.
Your purple draconian hits the Orb Guardian with a +0 flail!
Your reaper disappears in a puff of smoke!
The Orb Guardian hits your yellow draconian annihilator!!
Your yellow draconian annihilator spits acid at the Orb Guardian.
The splash of acid hits the Orb Guardian!
The acid corrodes the Orb Guardian!
Your purple draconian hits the Orb Guardian with a +0 flail!
Your red draconian breathes fire at the Orb Guardian.
The searing blast hits the Orb Guardian!!
The Orb Guardian dies!
Your dread lich is no longer moving quickly.
Your red draconian seems to return to its normal shape.
Your white draconian stormcaller says, "sleeves, you are my only friend."
Your Brimstone Fiend disappears in a puff of smoke!
Your purple draconian seems to return to its normal shape.
Your reaper disappears in a puff of smoke!
You swap places.
You now have 9244 gold pieces (gained 4).
You now have 9267 gold pieces (gained 23).
You now have 9272 gold pieces (gained 5).
Things that are here:
a +0 short sword; a +0 trident; a yellow draconian corpse You swap places.
You now have 9296 gold pieces (gained 24).
You now have 9335 gold pieces (gained 39).
You swap places.
Key pressed, stopping explore.
You now have 9356 gold pieces (gained 21).
You now have 9377 gold pieces (gained 21).
You now have 9396 gold pieces (gained 19).
You now have 9416 gold pieces (gained 20).
Key pressed, stopping explore.
Your yellow draconian annihilator smiles happily.
You now have 9439 gold pieces (gained 23).
You now have 9461 gold pieces (gained 22).
You now have 9467 gold pieces (gained 6).
You see here a +8 club.
You swap places.
You now have 9481 gold pieces (gained 14).
You swap places.
You now have 9504 gold pieces (gained 23).
You now have 9527 gold pieces (gained 23).
Your purple draconian says, "sleeves, I like you."
You swap places.
You see here a +8 club.
You now have 9536 gold pieces (gained 9).
You swap places.
You now have 9541 gold pieces (gained 5).
Key pressed, stopping explore.
You swap places.
Your dread lich looks at you.
You now have 9559 gold pieces (gained 18).
You now have 9575 gold pieces (gained 16).
Your dread lich shouts, "Die, monster!"
A Killer Klown comes into view. It is wielding a +9 club of freezing.
You see here 6 gold pieces.
A Killer Klown is nearby!
A Killer Klown is nearby!
The Killer Klown pokes out its tongue.
The Killer Klown blinks!
No target in view!
No target in view!
No target in view!
You swap places.
You now have 9581 gold pieces (gained 6).
You swap places.
Your yellow draconian annihilator spits acid at thin air.
Your yellow draconian annihilator casts a spell at thin air.
Your dread lich casts a spell.
Your dread lich seems to speed up.
Key pressed, stopping explore.
A klown pie appears from out of your range of vision.
The klown pie hits your yellow draconian annihilator.
Cherry!
Your yellow draconian annihilator looks more vulnerable to fire.
No target in view!
No target in view!
No target in view!
No target in view!
Unknown command.
Your dread lich touches the Killer Klown!
Your purple draconian breathes dispelling energy at the Killer Klown.
The bolt of dispelling energy hits the Killer Klown!!
The Killer Klown dies!
A malevolent force fills the Realm of Zot...
With a horrendous wail, an alarm goes off!
A sentinel's mark forms upon you.
Your yellow draconian annihilator is no longer more vulnerable to fire.
You now have 9600 gold pieces (gained 19).
You swap places.
You swap places.
You now have 9604 gold pieces (gained 4).
You see here a +9 club of freezing.
Your dread lich says, "Be careful!"
You swap places.
You swap places.
Your yellow draconian annihilator yells, "Run!
I'll cover you!"
The sentinel's mark upon you fades away.
Your dread lich is no longer moving quickly.
Partly explored, can't reach some items.
Partly explored, can't reach some items.
Partly explored, can't reach some items.
Partly explored, can't reach some items.
Partly explored, can't reach some items.
You swap places.
You swap places.
You see here the Orb of Zot.
You pick up the Orb of Zot!
The Orb lets out an ear-shattering shriek!
The lords of Pandemonium are not amused.
Beware!
Now all you have to do is get back out of the dungeon!
You swap places.
A Xuneabas and a soul eater come into view.
What are your orders? t - Bark!
Orders for allies: a - Attack new target. r - Retreat! s - Stop attacking. g - Guard the area. f - Follow me.
Anything else - Cancel.
Gang up on whom?
Press: ? - help, Dir - move target, f - soul eater
Aim: a soul eater (freezing vapour, wandering, hasn't noticed you) Attack!
Your yellow draconian annihilator spits acid at the soul eater.
The splash of acid hits the soul eater!
Your white draconian stormcaller utters an invocation to Qazlal.
Your purple draconian barely misses the soul eater.
The soul eater is engulfed in freezing vapours.
The soul eater barely misses your yellow draconian annihilator.
Xuneabas barely misses your yellow draconian annihilator.
Your yellow draconian annihilator is engulfed in freezing vapours.
Your yellow draconian annihilator seems to slow down.
Your yellow draconian annihilator hits the soul eater but does no damage.
Your red draconian hits the soul eater with a +0 morningstar!
The soul eater is engulfed in freezing vapours.
The soul eater hits your red draconian!
The soul eater drains your red draconian.
Xuneabas hits your yellow draconian annihilator!!
Your yellow draconian annihilator's magic leaks into the air.
Xuneabas hits your yellow draconian annihilator!
Your yellow draconian annihilator's magic leaks into the air.
Your yellow draconian annihilator is engulfed in freezing vapours.
Your yellow draconian annihilator seems to slow down.
Your yellow draconian annihilator barely misses the soul eater.
The soul eater hits your yellow draconian annihilator.
Something barely misses your yellow draconian annihilator.
You hear a sizzling sound!
You feel a bit more experienced.
Your Ice Magic skill increases to level 19!
Your death drake disappears in a puff of smoke!
You hear a sizzling sound!
You feel a bit more experienced.
You see here a +9 club of venom.
You see here a +11 club of flaming.
There is a stone staircase leading up, spattered with blood here.
You climb upwards.
There is a stone staircase leading down here.
A rust devil comes into view.
You can't go up here!
Casting: Haunt (mildly dangerous; 1% risk of failure)
Confirm with . or Enter, or press ? or * to list all spells.
Aiming: Haunt (mildly dangerous; 1% risk of failure)
Press: ? - help, Dir - move target, f - rust devil
Aim: a rust devil Insubstantial figures form in the air.
Zombie hands grab the rust devil.
Your phantasmal warrior is unaffected.
The zombie hands constrict the rust devil.
The rust devil hits your phantasmal warrior.
The rust devil corrodes your phantasmal warrior!
Your phantasmal warrior hits the rust devil!! x2
The rust devil dies!
Your shadow wraith disappears in a puff of smoke!
Your wraith disappears in a puff of smoke! x2
Your phantasmal warrior disappears in a puff of smoke!
Your phantasmal warrior disappears in a puff of smoke!
There is an open door, spattered with blood here.
Things that are here:
a +0 glaive; a +2 cloak; a +0 long sword
There is an open door here.
There is an open door here.
There is an open door here.
There is a stone staircase leading up here.
You climb upwards.
There is a stone staircase leading down here.
Magic restored.
There is an open door here.
You see here a +0 long sword.
You see here a +0 battleaxe.
There is a huge broken gate, spattered with blood here.
You see here 10 stones.
Things that are here:
a +0 cloak; the +11 short sword of Massacring {holy, *Noise Int+5 Dex+3} An Ice Fiend comes into view.
The Ice Fiend roars!
Items here: )) [[.
You block the Ice Fiend's attack. x2
There is a stone staircase leading up here.
The Ice Fiend gestures at you. The bolt of cold misses you.
You climb upwards.
There is a stone staircase leading down, spattered with blood here.
Casting: Borgnjor's Vile Clutch (safe; 1% risk of failure)
Confirm with . or Enter, or press ? or * to list all spells.
Aiming: Haunt (mildly dangerous; 1% risk of failure)
Press: ? - help, Dir - move target, f - Ice Fiend
Aim: an Ice Fiend (lava) Insubstantial figures form in the air.
The Ice Fiend completely misses you. The Ice Fiend claws you!
The Ice Fiend freezes you! You resist.
You hit the Ice Fiend.
The Ice Fiend is lightly wounded.
Casting: Haunt (mildly dangerous; 1% risk of failure)
Confirm with . or Enter, or press ? or * to list all spells.
You don't know that spell.
You can't see any susceptible monsters within range! (Use Z to cast anyway.)
You sock the Ice Fiend!
The Ice Fiend is lightly wounded.
The Ice Fiend calls on the powers of darkness!
Your body is wracked with pain!
* * * LOW HITPOINT WARNING * * *
Your phantasmal warrior hits the Ice Fiend.
Your wraith closely misses the Ice Fiend.
The Ice Fiend attacks as it pursues you!
You block the Ice Fiend's attack. The Ice Fiend misses you.
Your phantasmal warrior hits the Ice Fiend!
Your wraith hits the Ice Fiend.
Your wraith drains the Ice Fiend's vigour!
The Ice Fiend seems to slow down.
Casting: Haunt (mildly dangerous; 1% risk of failure)
Confirm with . or Enter, or press ? or * to list all spells.
Your phantasmal warrior hits the Ice Fiend!!
Your wraith hits the Ice Fiend but does no damage.
Your wraith hits the Ice Fiend!
Your wraith drains the Ice Fiend's vigour!
The Ice Fiend seems to slow down.
The Ice Fiend claws your wraith! The Ice Fiend freezes your wraith!
Your wraith resists.
The Ice Fiend barely misses your wraith.
Your phantasmal warrior hits the Ice Fiend but does no damage.
Your wraith barely misses the Ice Fiend.
Your wraith hits the Ice Fiend.
Your wraith drains the Ice Fiend's vigour!
The Ice Fiend seems to slow down.
Your large abomination hits the Ice Fiend but does no damage.
An angel comes into view. It is wielding a +1 whip of holy wrath.
Casting: Summon Horrible Things (dangerous; 11% risk of failure)
Confirm with . or Enter, or press ? or * to list all spells.
Aiming: Haunt (mildly dangerous; 1% risk of failure)
Press: ? - help, Dir - move target, f - angel, p - Ice Fiend
Aim: an angel, wielding a +1 whip of holy wrath and wearing a +0 robe (haloed) Insubstantial figures form in the air.
The Ice Fiend claws your phantasmal warrior!
The Ice Fiend freezes your phantasmal warrior!!
Your phantasmal warrior resists.
The Ice Fiend claws your phantasmal warrior.
The Ice Fiend freezes your phantasmal warrior!!
Your phantasmal warrior resists.
Your phantasmal warrior is destroyed!
Your phantasmal warrior disappears in a puff of smoke!
Your wraith hits the Ice Fiend but does no damage.
Your wraith hits the Ice Fiend!
Your wraith drains the Ice Fiend's vigour!
The Ice Fiend seems to slow down.
Your large abomination hits the Ice Fiend!
Your large abomination completely misses the Ice Fiend.
Your wraith hits the Ice Fiend.
Your wraith drains the Ice Fiend's vigour!
The Ice Fiend seems to slow down.
Your wraith hits the Ice Fiend but does no damage.
The angel hits your phantasmal warrior with a +1 whip of holy wrath!!
Your phantasmal warrior convulses!!
The angel hits your phantasmal warrior but does no damage.
The Ice Fiend calls on the powers of darkness!
Your body is wracked with pain!
* * * LOW HITPOINT WARNING * * *
The angel convulses!
Your phantasmal warrior hits the angel!
Your large abomination hits the Ice Fiend.
Your phantasmal warrior gestures at the angel.
Your phantasmal warrior blinks!
Your large abomination hits the Ice Fiend.
The angel hits your shadow wraith with a +1 whip of holy wrath!!
Your shadow wraith convulses!
The angel hits your shadow wraith with a +1 whip of holy wrath.
Your shadow wraith convulses.
Your wraith barely misses the Ice Fiend.
Your wraith hits the Ice Fiend!
The Ice Fiend dies!
Your phantasmal warrior hits the angel!
The angel hits your phantasmal warrior with a +1 whip of holy wrath.
Your phantasmal warrior convulses.
The angel hits your phantasmal warrior with a +1 whip of holy wrath!
Your phantasmal warrior convulses.
Your wraith hits the angel.
Your phantasmal warrior gestures at the angel.
Your phantasmal warrior blinks!
Your shadow wraith completely misses the angel.
Your phantasmal warrior barely misses the angel.
The angel gestures.
The angel is healed somewhat.
Your large abomination barely misses the angel.
Your phantasmal warrior misses the angel.
Your phantasmal warrior completely misses the angel.
The angel hits your phantasmal warrior with a +1 whip of holy wrath.
Your phantasmal warrior is destroyed!
Your phantasmal warrior disappears in a puff of smoke!
Your large abomination completely misses the angel.
Your phantasmal warrior hits the angel!!
The angel's willpower is stripped away!
The angel hits your phantasmal warrior with a +1 whip of holy wrath!
Your phantasmal warrior convulses.
The angel hits your phantasmal warrior but does no damage.
Your wraith completely misses the angel.
Your phantasmal warrior gestures at the angel.
Your phantasmal warrior blinks!
Your wraith disappears in a puff of smoke!
The angel closely misses your phantasmal warrior.
The angel hits your phantasmal warrior but does no damage.
Your shadow wraith closely misses the angel.
Your phantasmal warrior completely misses the angel.
Your wraith misses the angel.
Your phantasmal warrior gestures at the angel.
Your phantasmal warrior blinks!
Your large abomination hits the angel.
Your large abomination hits the angel!!
The angel hits your phantasmal warrior with a +1 whip of holy wrath!
Your phantasmal warrior convulses!
The angel barely misses your phantasmal warrior.
Your shadow wraith barely misses the angel.
Your phantasmal warrior misses the angel.
The angel hits your phantasmal warrior with a +1 whip of holy wrath.
Your phantasmal warrior convulses.
The angel hits your phantasmal warrior with a +1 whip of holy wrath.
Your phantasmal warrior convulses.
Your wraith completely misses the angel.
Your phantasmal warrior gestures at the angel.
Your phantasmal warrior blinks!
Your large abomination hits the angel.
Your large abomination closely misses the angel.
Your wraith disappears in a puff of smoke!
The angel gestures.
The angel is healed somewhat.
Your phantasmal warrior hits the angel!!
The angel dies!
You feel much better.
You feel much better.
Your shadow wraith disappears in a puff of smoke!
An ice devil comes into view.
You feel much better.
Your wraith disappears in a puff of smoke!
Your large abomination hits the ice devil but does no damage.
Your phantasmal warrior gestures at the ice devil.
Your phantasmal warrior blinks!
Your phantasmal warrior gestures at the ice devil.
Your phantasmal warrior blinks!
Your large abomination barely misses the ice devil.
An ice devil is nearby!
Your phantasmal warrior disappears in a puff of smoke!
The ice devil hits your large abomination but does no damage.
Your large abomination closely misses the ice devil.
Your large abomination hits the ice devil!!
Your phantasmal warrior disappears in a puff of smoke!
The ice devil barely misses your large abomination.
Your large abomination hits the ice devil.
Your large abomination barely misses the ice devil.
Your large abomination hits the ice devil!!
The ice devil dies!
You see here a +0 long sword.
Your large abomination disappears in a puff of smoke!
Your large abomination disappears in a puff of smoke!
Your large abomination disappears in a puff of smoke!
You see here a stone.
You see here a +2 leather armour of willpower.
You see here a +0 battleaxe.
There is a stone staircase leading up here.
You climb upwards.
There is a stone staircase leading down here.
There is an open door here.
HP restored.
There is an open door here.
Magic restored.
There is a gate leading back out of this place, spattered with blood here.
You go up through the gate.
Welcome back to the Depths!
There is a gate to the Realm of Zot here.
A green death comes into view.
There is an open door here.
Casting: Haunt (mildly dangerous; 1% risk of failure)
Confirm with . or Enter, or press ? or * to list all spells.
Aiming: Haunt (mildly dangerous; 1% risk of failure)
Press: ? - help, Dir - move target, f - green death
Aim: a green death Insubstantial figures form in the air.
The green death gestures at you.
The blast of poison engulfs you but does no damage.
You resist.
Zombie hands grab the green death.
The zombie hands constrict the green death!
The green death gestures at you. The blast of poison misses you.
Your phantasmal warrior hits the green death!!
Your freezing wraith hits the green death!
Your freezing wraith freezes the green death!
Your freezing wraith hits the green death!
You swap places.
The zombie hands constrict the green death!
The green death hits you!
Your phantasmal warrior hits the green death!!
The green death dies!
No target in view!
You swap places.
You now have 9624 gold pieces (gained 20).
Your phantasmal warrior disappears in a puff of smoke!
Your freezing wraith disappears in a puff of smoke!
Your phantasmal warrior disappears in a puff of smoke!
Your wraith disappears in a puff of smoke!
Your freezing wraith disappears in a puff of smoke!
Things that are here:
a +0 cloak; a +3 dagger HP restored.
You see here 3 large rocks.
An Orb Guardian comes into view.
An Orb Guardian is nearby!
Zombie hands grab the Orb Guardian.
The zombie hands constrict the Orb Guardian!
Casting: Borgnjor's Vile Clutch (safe; 1% risk of failure)
Confirm with . or Enter, or press ? or * to list all spells.
Aiming: Haunt (mildly dangerous; 1% risk of failure)
Press: ? - help, Dir - move target, f/p - Orb Guardian
Aim: an Orb Guardian (lightly wounded, constricted by zombie hands)
You miscast Haunt.
You are very lightly contaminated with residual magic.
Nothing appears to happen.
The zombie hands constrict the Orb Guardian!
The Orb Guardian struggles to escape constriction.
The zombie hands constrict the Orb Guardian.
The Orb Guardian struggles to escape constriction.
Casting: Haunt (mildly dangerous; 1% risk of failure)
Confirm with . or Enter, or press ? or * to list all spells.
Aiming: Haunt (mildly dangerous; 1% risk of failure)
Press: ? - help, Dir - move target, f/p - Orb Guardian
Aim: an Orb Guardian (moderately wounded, constricted by zombie hands) Insubstantial figures form in the air.
The zombie hands constrict the Orb Guardian!
The Orb Guardian hits your wraith!
The Orb Guardian barely misses your wraith.
The zombie hands constrict the Orb Guardian!
The Orb Guardian hits your wraith!!
Your wraith is destroyed!
Your wraith disappears in a puff of smoke!
Your wraith hits the Orb Guardian.
Your wraith drains the Orb Guardian's vigour!
The Orb Guardian seems to slow down.
The zombie hands lose their grip on something.
Something hits your shadow wraith!! 2 sun demons come into view.
The sun demon moves out of view.
Your magical contamination has completely faded away.
A sun demon comes into view.
You see here a +0 short sword.
There is an open door, spattered with blood here.
You see here a +0 trident.
A sun demon is nearby!
There is a stone staircase leading up here.
You climb upwards.
There is a stone staircase leading down here.
There is an open door, spattered with blood here.
Things that are here:
a +0 animal skin; a +0 hand axe You see here a +2 great sword of flaming.
You see here a +0 battleaxe of freezing.
Items here: ))) [[.
You see here 4 large rocks.
There is a stone staircase leading up here.
You climb upwards.
There is a stone staircase leading down here.
There is an open door here.
There is an open door here.
There is a stone staircase leading up here.
You climb upwards.
There is a stone staircase leading down here.
Magic restored.
There is an open door here.
A Brimstone Fiend comes into view.
Gozag spreads your bribe to the Depths!
Casting: Haunt (mildly dangerous; 1% risk of failure)
Confirm with . or Enter, or press ? or * to list all spells.
Aiming: Haunt (mildly dangerous; 1% risk of failure)
Press: ? - help, Dir - move target, f - Brimstone Fiend
Aim: a Brimstone Fiend You miscast Haunt.
You are very lightly contaminated with residual magic.
Nothing appears to happen.
The Brimstone Fiend gestures at you.
The sphere of damnation explodes!
The damnation engulfs you!!
Casting: Haunt (mildly dangerous; 1% risk of failure)
Confirm with . or Enter, or press ? or * to list all spells.
Aiming: Haunt (mildly dangerous; 1% risk of failure)
Press: ? - help, Dir - move target, f/p - Brimstone Fiend
Aim: a Brimstone Fiend Insubstantial figures form in the air.
Casting: Haunt (mildly dangerous; 1% risk of failure)
Confirm with . or Enter, or press ? or * to list all spells.
Your wraith hits the Brimstone Fiend.
Your wraith closely misses the Brimstone Fiend.
Your large abomination hits the Brimstone Fiend but does no damage.
Something hits your large abomination.
Something hits your large abomination but does no damage.
Something hits your large abomination.
Your large abomination barely misses the Brimstone Fiend.
Your large abomination hits the Brimstone Fiend.
Things that are here:
a +0 animal skin; a +0 broad axe The Brimstone Fiend hits your large abomination! x2
The Brimstone Fiend hits your large abomination but does no damage.
Your freezing wraith hits the Brimstone Fiend but does no damage. x2
Your large abomination hits the Brimstone Fiend but does no damage.
Your large abomination hits the Brimstone Fiend!!
Your large abomination hits the Brimstone Fiend.
The Tzitzimitl stares, then turns away, jangling a coin purse.
A Tzitzimitl comes into view.
The Brimstone Fiend hits your large abomination. x2
The Brimstone Fiend hits your large abomination!
Your freezing wraith hits the Brimstone Fiend but does no damage.
Your freezing wraith hits the Brimstone Fiend!
Your freezing wraith drains the Brimstone Fiend's vigour!
The Brimstone Fiend seems to slow down.
Your large abomination barely misses the Brimstone Fiend.
Your large abomination hits the Brimstone Fiend but does no damage.
Your large abomination hits the Brimstone Fiend!!
Your magical contamination has completely faded away.
Blink to where?
Press: ? - help, Dir - move target, p - Brimstone Fiend
As you read the scroll of blinking, it crumbles to dust.
Blink to where?
Press: ? - help, Dir - move target
Okay, then.
Unknown command.
Unknown command.
The Orb Guardian stares, then turns away, jangling a coin purse.
An Orb Guardian comes into view.
You hear the wailing of the damned!
HP restored.
There is an open door here.
Things that are here:
a +0 plate armour; a +4 halberd of flaming
Things that are here:
a +0 robe; a +0 trident You see here a +2 battleaxe of freezing.
There is a staircase back to the Dungeon, spattered with blood here.
You climb upwards.
Welcome back to the Dungeon!
There is a staircase to the Depths here.
There is an open door here.
An Orb Guardian comes into view.
There is a stone staircase leading up, spattered with blood here.
You climb upwards.
There is a stone staircase leading down here.
Magic restored.
There is a stone staircase leading up, spattered with blood here.
You climb upwards.
There is a stone staircase leading down, spattered with blood here.
There is a large open door here.
A cherub comes into view.
It is wielding a +4 falchion of flaming.
You see here 4 poisoned darts.
Casting: Summon Horrible Things (dangerous; 11% risk of failure)
Confirm with . or Enter, or press ? or * to list all spells.
Aiming: Haunt (mildly dangerous; 1% risk of failure)
Press: ? - help, Dir - move target, f - cherub
Aim: a cherub, wielding a +4 falchion of flaming and wearing a +0 robe (haloed) Insubstantial figures form in the air.
You miss the cherub. You hit the cherub but do no damage.
Your bite misses the cherub. You block the cherub's attack. x2
You miss the cherub. Your bite misses the cherub.
The cherub hits you but does no damage. The cherub barely misses you.
Your wraith misses the cherub.
Your wraith hits the cherub but does no damage.
You sock the cherub! You freeze the cherub. Your bite misses the cherub.
The cherub is lightly wounded.
You block the cherub's attack. x2; Your wraith misses the cherub.
You barely miss the cherub.
The cherub is lightly wounded.
You barely miss the cherub.
The cherub is lightly wounded.
You block the cherub's attack. x2
Your wraith completely misses the cherub. x2
Your freezing wraith hits the cherub.
Your freezing wraith freezes the cherub!
Your freezing wraith hits the cherub but does no damage.
You hit the cherub.
The cherub evaporates and reforms as a holy swine!
The holy swine is moderately wounded.
Your wraith hits the holy swine.
Your wraith drains the holy swine's vigour!
The holy swine seems to slow down.
Your wraith barely misses the holy swine.
Your phantasmal warrior hits the holy swine.
Your freezing wraith barely misses the holy swine.
Your freezing wraith closely misses the holy swine.
The holy swine misses you.
You hit the holy swine but do no damage.
The holy swine is poisoned.
Your morningstar of Red Defence by Offence intones a prayer.
You bite the holy swine.
The holy swine is heavily wounded.
Your wraith hits the holy swine!
Your freezing wraith hits the holy swine!
Your freezing wraith freezes the holy swine!
Your freezing wraith closely misses the holy swine.
Your wraith hits the holy swine.
Your phantasmal warrior hits the holy swine!
The holy swine dies!
The cherub returns to its original shape as it dies.
No target in view!
You now have 6629 gold pieces (gained 5).
Things that are here:
a +4 falchion of flaming; a +0 longbow; a +0 robe Your wraith disappears in a puff of smoke!
Your freezing wraith disappears in a puff of smoke!
You swap places.
Your phantasmal warrior disappears in a puff of smoke!
Your wraith disappears in a puff of smoke!
You see here a +0 orcbow.
There is a large open door here.
You see here a +0 orcbow.
Things that are here:
a +0 shortbow; a +0 great sword of electrocution You see here a +0 halberd.
There is a stone staircase leading up, spattered with blood here.
You climb upwards.
There is a stone staircase leading down here.
Magic restored.
There is an open door here.
A tormentor comes into view.
Gozag spreads your bribe to the Dungeon!
There is a stone staircase leading up here.
You can't go down here!
You climb upwards.
There is a stone staircase leading down here.
There is a stone staircase leading up here.
You climb upwards.
There is a stone staircase leading down here.
There is an entrance to Qeuvut's Armour Shop here.
There is a stone staircase leading up here.
You climb upwards.
There is a stone staircase leading down here.
There is an open door here.
There is a stone staircase leading up here.
You climb upwards.
There is a stone staircase leading down here.
Your Tzitzimitl grins greedily, jangling a coin purse.
A Tzitzimitl comes into view.
There is a stone staircase leading down here.
Gafocw grins greedily, jangling a coin purse.
The lich stares, then turns away, jangling a coin purse.
The ynoxinul stares, then turns away, jangling a coin purse.
The ancient lich stares, then turns away, jangling a coin purse.
A Gafocw, a lich, a ynoxinul and an ancient lich come into view.
Gafocw moves out of view.
The ynoxinul moves out of view.
There is a stone staircase leading up, spattered with blood here.
You climb upwards.
There is a stone staircase leading down, spattered with blood here.
Things that are here:
a +0 robe; a +0 long sword
There is a stone staircase leading up here.
You climb upwards.
There is a stone staircase leading down here.
There is a stone staircase leading up, spattered with blood here.
You climb upwards.
There is a stone staircase leading down here.
Items here: )) [[.
Things that are here:
a +0 club; a +0 club; an orc skeleton
There is a stone staircase leading up here.
You climb upwards.
There is a stone staircase leading down here.
Things that are here:
a +0 flail; an orc skeleton
Things that are here:
a +0 spear; a gnoll skeleton
Items here: ))) [[ ÷.
There is a stone staircase leading up here.
You climb upwards.
Level annotation: 2 transporters, Splishie's ghost, amateur DrMo
There is a stone staircase leading down, spattered with blood here.
There is a stone staircase leading up here.
You climb upwards.
There is a stone staircase leading down here.
You see here a +0 scale mail.
You see here a rat skeleton.
You see here a bat skeleton.
There is a stone staircase leading up here.
You climb upwards.
There is a stone staircase leading down here.
There is an open door here.
You open the door.
There is an open door here.
You see here 5 atropa-tipped darts.
There is an open door here.
There is a staircase leading out of the dungeon here.
You have escaped!

#### #..........# ###..
#..## #....(.....####....
###...#####'#.[.....##......
#........##.#...............
#.#......##+#...............
#..####...#.#...............
##...##..##'##..........####
###.#####...#####......# #.
#.'.'.'.@.'('.'......###)
#.#####...#####........÷.
#.....##'##..............
#......#.#..........#....
#......#+#...............
#......#.#...............
#...>..#'#..........#....
###..###..#..####..##....
#..####.#..#....###....


There were no monsters in sight!

Vanquished Creatures
  the Royal Jelly (Slime:5)
  2 dread liches (Zot:5)
  2 orbs of fire
  Sojobo (Crypt:3)
  A Killer Klown (Zot:5)
  2 caustic shrikes
  A curse toe (Zot:3)
  Margery (Crypt:1)
  5 golden dragons
  A bone dragon (Depths:1)
  2 doom hounds (Depths:3)
  Jorgrun (D:15)
  4 tentacled monstrosities
  3 liches
  A hellephant (Crypt:1)
  2 electric golems
  7 Orb Guardians (Zot:5)
  A shard shrike zombie (Crypt:1)
  6 deep elf master archers
  2 deep elf blademasters (Elf:3)
  9 acid blobs
  A quicksilver dragon (Zot:1)
  6 ancient champions
  4 sphinxes
  2 revenants
  5 storm dragons
  3 thorn hunters
  5 tengu reavers
  2 shadow dragons
  5 draconian knights
  6 azure jellies
  2 protean progenitors (Zot:1)
  5 draconian monks
  5 fenstrider witches
  3 fire giants
  3 draconian scorchers
  7 rockslimes (Slime:5)
  2 vault wardens (Vaults:4)
  8 deep elf sorcerers (Elf:3)
  7 draconian shifters
  Louise (Swamp:1)
  7 frost giants
  An emperor scorpion (Spider:4)
  2 deep elf elementalists (Elf:3)
  5 ghost moths
  12 ghouls
  2 curse skulls
  An orc warlord (Vaults:1)
  2 angels
  A draconian stormcaller (Zot:1)
  6 formless jellyfish
  11 quicksilver oozes (Slime:5)
  5 broodmothers
  15 very ugly things
  3 draconian annihilators (Zot:3)
  4 vampire knights
  4 ironbound thunderhulks
  8 ironbound preservers
  3 eleionomae
  A stone giant (Depths:3)
  3 deep elf annihilators (Elf:3)
  12 green draconians
  4 black draconians
  3 deep elf demonologists
  4 yellow draconians
  10 white draconians
  Azrael (D:15)
  6 bunyips
  9 red draconians
  4 war gargoyles
  5 spark wasps
  3 dire elephants
  7 deep elf death magi
  A purple draconian (Zot:4)
  4 blizzard demons
  Snorg (D:10)
  3 eidola
  4 ettins
  A crystal guardian (Crypt:2)
  4 fire dragons
  2 green deaths (Swamp:4)
  2 shambling mangroves
  Josephine (D:10)
  A deep elf high priest (Crypt:1)
  4 entropy weavers
  8 great orbs of eyes
  5 rakshasas
  Fannar (Lair:3)
  4 catoblepae
  2 caustic shrike simulacra (IceCv)
  11 jiangshi
  10 hydras
  5 yaktaur captains
  2 ironbound frosthearts
  4 ogre magi
  A peacekeeper (Vaults:3)
  13 centaur warriors
  4 ice dragons
  3 vault guards
  Erolcha (D:13)
  7 spriggan air magi
  10 alligators
  3 ghost crabs
  A spriggan skeleton (Crypt:3)
  5 radroaches
  22 dancing weapons
  7 death knights
  2 jorogumos
  10 two-headed ogres
  7 boulder beetles
  3 death yaks (Lair:5)
  3 orc high priests (Orc:2)
  A satyr (WizLab)
  2 deep troll earth magi
  A hell hog (Depths:1)
  4 spriggan berserkers
  4 demonic crawlers
  2 occultists
  6 deep troll shamans
  A sun demon (Depths:2)
  Urug (D:10)
  5 naga sharpshooters (WizLab)
  A titan zombie (Crypt:3)
  8 tengu warriors
  6 vampire magi
  17 deep elf knights
  9 hell knights
  3 soul eaters
  2 iron trolls (Depths:2)
  45 skeletal warriors
  3 sixfirhies
  3 glowing orange brains
  3 mana vipers (Zot:1)
  8 spriggan druids
  4 goliath frogs
  3 flayed ghosts
  2 bunyip zombies
  A death drake (Swamp:1)
  2 iron giant zombies (Crypt:2)
  2 naga ritualists (Depths:3)
  6 orb spiders
  A sun moth (Spider:2)
  6 pharaoh ants
  20 bog bodies
  4 swamp dragons
  3 ironbound convokers
  39 deep trolls
  14 deep elf zephyrmancers
  A bunyip skeleton (Crypt:3)
  7 lindwurms
  7 spriggan simulacra (IceCv)
  10 necromancers
  6 arcanists
  9 deep elf archers
  A steelbarb worm (Spider:1)
  8 orc knights
  A thermic dynamo (Elf:3)
  An iron dragon zombie (Crypt:1)
  19 deep elf pyromancers
  6 phantasmal warriors
  39 ugly things
  3 oklob plants
  5 orc sorcerers
  2 shining eyes
  A tengu skeleton (Vaults:1)
  9 wolf spiders
  2 manticores (shapeshifter)
  5 cyclopes
  3 fauns (WizLab)
  3 manticores
  5 will-o-the-wisps
  5 elephants (Lair:4)
  7 meliai
  A guardian serpent (shapeshifter) (Elf:1)
  27 moths of wrath
  7 black mambas
  A centaur zombie (Crypt:3)
  5 kobold blastminers
  A water nymph (Slime:2)
  8 vault sentinels
  A naga mage (Depths:3)
  2 molten gargoyles (Volcano)
  8 torpor snails
  3 orange demons (Swamp:4)
  2 smoke demons (Swamp:4)
  3 gargoyles
  An alligator snapping turtle skeleton (Crypt:3)
  A rime drake (shapeshifter) (D:12)
  3 large abominations (Elf:1)
  2 rime drakes (Lair:5)
  19 cane toads
  5 eyes of devastation
  9 freezing wraiths
  An efreet (D:14)
  3 kobold demonologists
  6 yaktaurs
  22 komodo dragons
  6 tengu conjurers
  An anaconda simulacrum (IceCv)
  4 ice devils (IceCv)
  A golden dragon simulacrum (IceCv)
  A red draconian skeleton (Crypt:1)
  A white draconian skeleton (Crypt:1)
  A polar bear (Lair:5)
  11 tyrant leeches
  2 bloated husks
  2 hellwings (Swamp:4)
  12 hornets
  10 trolls
  3 glass eyes
  A hornet (shapeshifter) (D:12)
  A raiju (shapeshifter) (D:12)
  A death drake skeleton (Crypt:1)
  An alligator simulacrum (IceCv)
  11 dream sheep (Lair:5)
  30 tarantellas
  13 blink frogs
  A snapping turtle (WizLab)
  An ettin zombie (Orc:1)
  A human simulacrum (Vaults:1)
  An ettin skeleton (Orc:1)
  61 slime creatures
  26 jumping spiders
  3 shadows
  5 centaur simulacra (D:12)
  3 air elementals
  A water elemental (D:13)
  9 spriggans
  13 wraiths
  3 wyverns
  3 vampires
  22 culicivoras
  12 nameless horrors
  2 fire bats (Volcano)
  52 yaks
  5 golden eyes
  2 wargs
  5 fire elementals
  A hog (shapeshifter) (Elf:2)
  A fire bat (shapeshifter) (D:13)
  60 redbacks
  A steam dragon (D:7)
  A human (shapeshifter) (D:12)
  9 minotaur simulacra (IceCv)
  12 basilisks
  A basilisk (shapeshifter) (D:12)
  5 chaos spawn (Swamp:4)
  Menkaure (D:5)
  11 vampire mosquitoes
  A redback (shapeshifter) (D:15)
  8 swamp worms
  A demonspawn zombie (Crypt:2)
  A glowing shapeshifter zombie (Vaults:1)
  3 hell hounds (D:15)
  A two-headed ogre zombie (Crypt:1)
  A naga zombie (Crypt:3)
  An acid dragon (D:14)
  12 water moccasins
  2 swamp drakes
  22 orc warriors
  A water nymph skeleton (Crypt:2)
  5 ice beasts
  4 black bears
  2 sky beasts (D:7)
  8 ogres
  29 laughing skulls
  A manticore skeleton (Crypt:2)
  3 boggarts (Vaults:1)
  15 centaurs
  15 wolves
  3 phantoms
  10 bullfrogs
  2 earth elementals
  2 kobold brigands
  2 elf zombies (Elf:1)
  A gnoll sergeant (D:13)
  7 deep troll simulacra (IceCv)
  A cyclops zombie (Orc:1)
  6 scorpions
  A warg skeleton (Crypt:2)
  16 wights
  6 killer bees
  2 howler monkeys
  3 lindwurm simulacra (IceCv)
  10 electric eels
  2 lava snakes (Volcano)
  7 hounds
  2 bombardier beetles
  3 jellies
  23 orc priests
  A human skeleton (Crypt:1)
  2 sleepcaps
  4 gnoll boudas
  7 hell rats
  4 iguanas
  21 orc wizards
  2 ogre zombies (Orc:1)
  A tengu zombie (Crypt:2)
  A naga skeleton (Crypt:2)
  Robin (D:4)
  15 gnolls
  3 adders
  A shadow imp (D:7)
  3 white imps
  An adder skeleton (Crypt:2)
  2 orc skeletons (Orc:1)
  93 orcs
  An orc simulacrum (Orc:1)
  8 ball pythons
  7 endoplasms
  3 giant cockroaches (D:2)
  16 goblins
  7 hobgoblins
  7 jackals
  11 kobolds
  3 quokkas
  6 bats
  2 frilled lizards
  A goblin skeleton (Crypt:2)
  A goblin zombie (Crypt:1)
  5 rats
1963 creatures vanquished.

Vanquished Creatures (collateral kills)
  A dread lich (Crypt:3)
  3 orbs of fire
  An ancient lich (Zot:5)
  4 Killer Klowns (Zot:5)
  A caustic shrike (Depths:2)
  Jory (Depths:4)
  4 golden dragons
  2 bone dragons
  A doom hound (Depths:3)
  A shard shrike zombie (Crypt:3)
  An electric golem (Zot:5)
  5 tentacled monstrosities
  An Ice Fiend (Zot:2)
  Grunn (Depths:3)
  5 quicksilver dragons
  A lich (Crypt:3)
  13 Orb Guardians (Zot:5)
  An ancient champion (Depths:1)
  7 acid blobs
  3 death cobs
  A thorn hunter (WizLab)
  4 shadow dragons
  4 storm dragons
  2 protean progenitors (Zot:3)
  3 draconian monks
  4 fire giants
  9 rockslimes
  A fenstrider witch (WizLab)
  5 frost giants
  A draconian scorcher (Zot:5)
  2 azure jellies
  A vault warden (Vaults:4)
  5 draconian knights (Zot:3)
  A ghost moth (Zot:4)
  4 draconian stormcallers
  7 very ugly things
  An orc warlord (Vaults:2)
  3 ghouls
  6 draconian annihilators
  An angel (Zot:2)
  2 quicksilver oozes
  A formless jellyfish (Vaults:4)
  5 ironbound preservers
  3 vampire knights
  2 black draconians (Zot:5)
  4 stone giants
  6 yellow draconians
  4 green draconians
  7 white draconians
  6 red draconians
  5 purple draconians
  A spark wasp (Depths:4)
  A green death (Depths:4)
  5 ettins
  2 crystal guardians (Crypt:3)
  A shambling mangrove (Swamp:4)
  3 fire dragons
  2 entropy weavers
  A deep elf high priest (Elf:3)
  2 great orbs of eyes (Slime:2)
  2 jiangshi
  A rakshasa (Depths:1)
  2 hell beasts
  A jorogumo (Spider:4)
  3 ice dragons
  An ogre mage (Orc:2)
  An alligator (Swamp:4)
  A radroach (Spider:4)
  A spriggan air mage (Depths:2)
  A spriggan skeleton (Crypt:3)
  A boulder beetle (Vaults:1)
  A deep troll shaman (Depths:1)
  16 dancing weapons
  2 tengu warriors (Depths:3)
  3 deep troll earth magi
  3 demonic crawlers
  A holy swine (D:13)
  3 hell knights
  A soul eater (Zot:5)
  A deep elf knight (Elf:2)
  A sun demon (Depths:3)
  5 iron trolls
  2 skeletal warriors
  2 glowing orange brains
  A bog body (Crypt:3)
  11 deep trolls
  A spriggan simulacrum (IceCv)
  An obsidian statue (IceCv)
  A deep elf archer (Elf:2)
  An ironbound convoker (Vaults:1)
  2 deep elf zephyrmancers
  3 thermic dynamos
  5 necromancers
  2 deep elf pyromancers (Elf:2)
  10 ugly things
  5 orc knights
  4 wolf spiders
  2 orc sorcerers
  2 fauns (WizLab)
  2 shining eyes (Slime:5)
  A meliai (Spider:4)
  A rust devil (Zot:4)
  11 moths of wrath
  An eye of devastation (Slime:2)
  A torpor snail (Spider:1)
  2 yaktaurs (Vaults:4)
  An anaconda simulacrum (IceCv)
  2 ice devils
  A hellwing (Swamp:4)
  A hornet (WizLab)
  A hydra skeleton (Crypt:3)
  A stone giant simulacrum (Vaults:1)
  4 jumping spiders
  37 slime creatures
  A water elemental (Depths:1)
  9 culicivoras
  7 redbacks
  An orc warrior (Orc:2)
  A boggart (Vaults:1)
  An orc skeleton (Orc:1)
  An elf zombie (Elf:1)
  A glowing shapeshifter simulacrum (Vaults:1)
  3 deep troll simulacra (IceCv)
  4 orc wizards
  2 orcs
390 creatures vanquished.

Vanquished Creatures (others)
  2 dread liches (Zot:5)
  An ancient lich (Zot:5)
  An orb of fire (Zot:5)
  A Killer Klown (Zot:5)
  5 Orb Guardians (Zot:5)
  A draconian stormcaller (Zot:5)
  A draconian annihilator (Zot:5)
  A very ugly thing (Depths:2)
  A green draconian (Zot:3)
  A black draconian (Zot:5)
  A white draconian (Zot:5)
  A purple draconian (Zot:5)
  A red draconian (Zot:5)
  A dancing weapon (Elf:2)
  A two-headed ogre (Volcano)
  A deep elf knight (Elf:2)
  A deep elf pyromancer (Elf:2)
  A deep elf zephyrmancer (Elf:2)
  A freezing wraith (D:13)
  An orc wizard (D:7)
  An orc (D:7)
  28 foxfires
54 creatures vanquished.

Grand Total: 2407 creatures vanquished

Notes
Turn   | Place    | Note
-------+----------+-------------------------------------------
     0 | D:1      | sleeves the Gnoll Shapeshifter began the quest for the Orb.
     0 | D:1      | Reached XP level 1. HP: 17/17 MP: 1/1
   125 | D:1      | Reached XP level 2. HP: 21/23 MP: 2/2
   202 | D:1      | HP: 11/23 [frozen (4)]
   296 | D:1      | Reached XP level 3. HP: 27/28 MP: 3/3
   426 | D:1      | HP: 10/28 [gnoll/+0 flail (8)]
   428 | D:1      | Reached skill level 1 in Invocations
   713 | D:2      | Reached skill level 1 in Short Blades
   713 | D:2      | Reached skill level 1 in Long Blades
   713 | D:2      | Reached skill level 1 in Axes
   713 | D:2      | Reached skill level 1 in Maces & Flails
   713 | D:2      | Reached skill level 1 in Polearms
   713 | D:2      | Reached skill level 1 in Staves
   713 | D:2      | Reached skill level 1 in Ranged Weapons
   713 | D:2      | Reached skill level 1 in Throwing
   713 | D:2      | Reached skill level 1 in Armour
   713 | D:2      | Reached skill level 1 in Stealth
   713 | D:2      | Reached skill level 1 in Shields
   713 | D:2      | Reached skill level 1 in Spellcasting
   713 | D:2      | Reached skill level 1 in Evocations
  1122 | D:2      | Reached XP level 4. HP: 34/34 MP: 5/5
  1395 | D:3      | Reached skill level 1 in Conjurations
  1395 | D:3      | Reached skill level 1 in Hexes
  1395 | D:3      | Reached skill level 1 in Summonings
  1395 | D:3      | Reached skill level 1 in Necromancy
  1395 | D:3      | Reached skill level 1 in Translocations
  1395 | D:3      | Reached skill level 1 in Fire Magic
  1395 | D:3      | Reached skill level 1 in Ice Magic
  1395 | D:3      | Reached skill level 1 in Air Magic
  1395 | D:3      | Reached skill level 1 in Earth Magic
  1395 | D:3      | Reached skill level 1 in Alchemy
  1479 | D:3      | Found a faded altar of an unknown god.
  1544 | D:3      | Found a transporter.
  1546 | D:3      | Noticed Splishie's ghost (amateur DrMo)
  2079 | D:3      | Found a transporter.
  2111 | D:3      | Reached XP level 5. HP: 40/40 MP: 7/7
  2284 | D:4      | Reached skill level 3 in Fighting
  2463 | D:4      | Reached skill level 2 in Invocations
  2530 | D:4      | Reached skill level 2 in Short Blades
  2530 | D:4      | Reached skill level 2 in Long Blades
  2530 | D:4      | Reached skill level 2 in Axes
  2530 | D:4      | Reached skill level 2 in Maces & Flails
  2530 | D:4      | Reached skill level 2 in Polearms
  2530 | D:4      | Reached skill level 2 in Staves
  2530 | D:4      | Reached skill level 2 in Ranged Weapons
  2530 | D:4      | Reached skill level 2 in Throwing
  2530 | D:4      | Reached skill level 2 in Armour
  2530 | D:4      | Reached skill level 5 in Dodging
  2530 | D:4      | Reached skill level 2 in Stealth
  2530 | D:4      | Reached skill level 2 in Shields
  2530 | D:4      | Reached skill level 2 in Spellcasting
  2530 | D:4      | Reached skill level 2 in Evocations
  2530 | D:4      | Reached XP level 6. HP: 36/47 MP: 7/9
  2669 | D:4      | HP: 13/47 [orc priest/divine providence (12)]
  2936 | D:3      | Reached skill level 7 in Unarmed Combat
  2936 | D:3      | Reached XP level 7. HP: 52/52 MP: 10/10
  2942 | D:4      | HP: 26/52 [orc priest/+0 mace (5)]
  3186 | D:3      | Reached skill level 2 in Conjurations
  3186 | D:3      | Reached skill level 2 in Hexes
  3186 | D:3      | Reached skill level 2 in Summonings
  3186 | D:3      | Reached skill level 2 in Necromancy
  3186 | D:3      | Reached skill level 2 in Translocations
  3186 | D:3      | Reached skill level 2 in Fire Magic
  3186 | D:3      | Reached skill level 2 in Ice Magic
  3186 | D:3      | Reached skill level 2 in Air Magic
  3186 | D:3      | Reached skill level 2 in Earth Magic
  3186 | D:3      | Reached skill level 2 in Alchemy
  3392 | D:4      | Noticed Robin
  3420 | D:4      | Killed Robin
  3512 | D:4      | Reached skill level 7 in Shapeshifting
  3690 | D:4      | Reached skill level 3 in Invocations
  3757 | D:5      | Entered Level 5 of the Dungeon
  3764 | D:5      | HP: 23/53 [ice beast (8)]
  3774 | D:5      | HP: 25/53 [ice beast (1)]
  3774 | D:5      | HP: 11/53 [ice beast (14)]
  4060 | D:5      | Reached skill level 4 in Fighting
  4060 | D:5      | Reached skill level 3 in Short Blades
  4060 | D:5      | Reached skill level 3 in Long Blades
  4060 | D:5      | Reached skill level 3 in Axes
  4060 | D:5      | Reached skill level 3 in Maces & Flails
  4060 | D:5      | Reached skill level 3 in Polearms
  4060 | D:5      | Reached skill level 3 in Staves
  4060 | D:5      | Reached skill level 3 in Ranged Weapons
  4060 | D:5      | Reached skill level 3 in Throwing
  4060 | D:5      | Reached skill level 3 in Armour
  4060 | D:5      | Reached skill level 3 in Stealth
  4060 | D:5      | Reached skill level 3 in Shields
  4060 | D:5      | Reached skill level 3 in Spellcasting
  4060 | D:5      | Reached skill level 3 in Evocations
  4060 | D:5      | Reached XP level 8. HP: 42/60 MP: 12/12
  4303 | D:5      | Noticed Menkaure
  4316 | D:5      | HP: 19/60 [??? (16)]
  4632 | D:5      | HP: 43/90 [Menkaure (12)]
  4638 | D:5      | HP: 21/90 [Menkaure (11)]
  4640 | D:5      | Killed Menkaure
  4845 | D:5      | Found a staircase to the Ecumenical Temple.
  4875 | Temple   | Entered the Ecumenical Temple
  4893 | Temple   | Became a worshipper of Gozag Ym Sagoz the Greedy
  5156 | D:5      | Reached skill level 3 in Conjurations
  5156 | D:5      | Reached skill level 3 in Hexes
  5156 | D:5      | Reached skill level 3 in Summonings
  5156 | D:5      | Reached skill level 3 in Necromancy
  5156 | D:5      | Reached skill level 3 in Translocations
  5156 | D:5      | Reached skill level 3 in Fire Magic
  5156 | D:5      | Reached skill level 3 in Ice Magic
  5156 | D:5      | Reached skill level 3 in Air Magic
  5156 | D:5      | Reached skill level 3 in Earth Magic
  5156 | D:5      | Reached skill level 3 in Alchemy
  5156 | D:5      | Reached skill level 4 in Invocations
  5819 | D:5      | Reached skill level 6 in Dodging
  6143 | D:6      | Reached XP level 9. HP: 54/65 MP: 14/14
  6261 | D:6      | Reached skill level 4 in Short Blades
  6261 | D:6      | Reached skill level 4 in Long Blades
  6261 | D:6      | Reached skill level 4 in Axes
  6261 | D:6      | Reached skill level 4 in Maces & Flails
  6261 | D:6      | Reached skill level 4 in Polearms
  6261 | D:6      | Reached skill level 4 in Staves
  6261 | D:6      | Reached skill level 4 in Ranged Weapons
  6261 | D:6      | Reached skill level 4 in Throwing
  6261 | D:6      | Reached skill level 4 in Armour
  6261 | D:6      | Reached skill level 4 in Stealth
  6261 | D:6      | Reached skill level 4 in Shields
  6261 | D:6      | Reached skill level 4 in Spellcasting
  6261 | D:6      | Reached skill level 4 in Evocations
  6743 | D:6      | HP: 32/67 [ice beast (6)]
  6751 | D:6      | Reached skill level 5 in Fighting
  7193 | D:6      | Found a shadowy altar of Dithmenos.
  7193 | D:6      | Found a bloodstained altar of Trog.
  7312 | D:6      | Reached skill level 8 in Unarmed Combat
  7627 | D:7      | Reached skill level 5 in Invocations
  7772 | D:7      | Noticed a troll
  7804 | D:7      | HP: 29/68 [troll (6)]
  7805 | D:7      | Noticed a hornet
  7806 | D:7      | Killed a troll
  7837 | D:7      | Killed a hornet
  8008 | D:7      | HP: 33/68 [poisoned by a killer bee]
  8013 | D:7      | HP: 28/68 [poisoned by a killer bee]
  8073 | D:6      | Reached skill level 4 in Conjurations
  8073 | D:6      | Reached skill level 4 in Hexes
  8073 | D:6      | Reached skill level 4 in Summonings
  8073 | D:6      | Reached skill level 4 in Necromancy
  8073 | D:6      | Reached skill level 4 in Translocations
  8073 | D:6      | Reached skill level 4 in Fire Magic
  8073 | D:6      | Reached skill level 4 in Ice Magic
  8073 | D:6      | Reached skill level 4 in Air Magic
  8073 | D:6      | Reached skill level 4 in Earth Magic
  8073 | D:6      | Reached skill level 4 in Alchemy
  8223 | D:7      | Reached skill level 8 in Shapeshifting
  8437 | D:7      | Reached skill level 5 in Short Blades
  8437 | D:7      | Reached skill level 5 in Long Blades
  8437 | D:7      | Reached skill level 5 in Axes
  8437 | D:7      | Reached skill level 5 in Maces & Flails
  8437 | D:7      | Reached skill level 5 in Polearms
  8437 | D:7      | Reached skill level 5 in Staves
  8437 | D:7      | Reached skill level 5 in Ranged Weapons
  8437 | D:7      | Reached skill level 5 in Throwing
  8437 | D:7      | Reached skill level 5 in Armour
  8437 | D:7      | Reached skill level 5 in Stealth
  8437 | D:7      | Reached skill level 5 in Shields
  8437 | D:7      | Reached skill level 5 in Spellcasting
  8437 | D:7      | Reached skill level 5 in Evocations
  8437 | D:7      | Reached XP level 10. HP: 49/76 MP: 17/17
  8658 | D:7      | Reached skill level 7 in Dodging
  9005 | D:7      | Found a burning altar of Makhleb.
  9301 | D:8      | HP: 35/74 [wight/+0 scimitar of electrocution (9)]
  9475 | D:7      | HP: 35/71 [wight/+0 long sword (3)]
  9478 | D:7      | HP: 12/67 [shot self (14)]
  9479 | D:7      | Reached skill level 6 in Fighting
 10062 | D:8      | Reached skill level 6 in Invocations
 11041 | D:9      | Identified the +3 ring mail "Xuusm" {+Inv rN+ SInv}
 11167 | D:9      | Paralysed by a hornet for 3 turns
 11183 | D:9      | HP: 38/77 [poisoned by a hornet]
 11627 | D:9      | Reached skill level 9 in Unarmed Combat
 11665 | D:9      | Reached skill level 6 in Short Blades
 11665 | D:9      | Reached skill level 6 in Long Blades
 11665 | D:9      | Reached skill level 6 in Axes
 11665 | D:9      | Reached skill level 6 in Maces & Flails
 11665 | D:9      | Reached skill level 6 in Polearms
 11665 | D:9      | Reached skill level 6 in Staves
 11665 | D:9      | Reached skill level 6 in Ranged Weapons
 11665 | D:9      | Reached skill level 6 in Throwing
 11665 | D:9      | Reached skill level 6 in Armour
 11665 | D:9      | Reached skill level 6 in Stealth
 11665 | D:9      | Reached skill level 6 in Shields
 11665 | D:9      | Reached skill level 6 in Spellcasting
 11665 | D:9      | Reached skill level 6 in Evocations
 11724 | D:9      | Reached skill level 5 in Conjurations
 11724 | D:9      | Reached skill level 5 in Hexes
 11724 | D:9      | Reached skill level 5 in Summonings
 11724 | D:9      | Reached skill level 5 in Necromancy
 11724 | D:9      | Reached skill level 5 in Translocations
 11724 | D:9      | Reached skill level 5 in Fire Magic
 11724 | D:9      | Reached skill level 5 in Ice Magic
 11724 | D:9      | Reached skill level 5 in Air Magic
 11724 | D:9      | Reached skill level 5 in Earth Magic
 11724 | D:9      | Reached skill level 5 in Alchemy
 11781 | D:9      | Found a staircase to the Lair.
 11801 | D:9      | Reached XP level 11. HP: 60/83 MP: 20/20
 12158 | D:10     | Entered Level 10 of the Dungeon
 12191 | D:10     | Found Qeuvut's Armour Shop.
 12205 | D:10     | Gained mutation: Your spells are a little easier to cast,
                  | but a little less powerful. [a neqoxec]
 12818 | D:10     | Reached skill level 7 in Invocations
 12924 | D:10     | Reached skill level 7 in Fighting
 12924 | D:10     | Reached skill level 8 in Dodging
 13103 | D:10     | Noticed Josephine
 13134 | D:10     | HP: 40/80 [Josephine/vampiric draining (10)]
 13135 | D:10     | Killed Josephine
 13151 | D:10     | Reached skill level 9 in Shapeshifting
 13351 | D:10     | Noticed Snorg
 13368 | D:10     | HP: 36/76 [Snorg (16)]
 13379 | D:10     | HP: 17/68 [Snorg (14)]
 13383 | D:10     | Killed Snorg
 13610 | D:10     | Noticed Urug
 13619 | D:10     | HP: 30/77 [Urug/+5 eveningstar (16)]
 13625 | D:10     | Killed Urug
 14243 | D:11     | Reached skill level 7 in Short Blades
 14243 | D:11     | Reached skill level 7 in Long Blades
 14243 | D:11     | Reached skill level 7 in Axes
 14243 | D:11     | Reached skill level 7 in Maces & Flails
 14243 | D:11     | Reached skill level 7 in Polearms
 14243 | D:11     | Reached skill level 7 in Staves
 14243 | D:11     | Reached skill level 7 in Ranged Weapons
 14243 | D:11     | Reached skill level 7 in Throwing
 14243 | D:11     | Reached skill level 7 in Armour
 14243 | D:11     | Reached skill level 7 in Stealth
 14243 | D:11     | Reached skill level 7 in Shields
 14243 | D:11     | Reached skill level 7 in Spellcasting
 14243 | D:11     | Reached skill level 7 in Evocations
 14637 | D:12     | Noticed a vault guard
 14720 | Lair:1   | Entered Level 1 of the Lair of Beasts
 14753 | D:9      | HP: 39/84 [yak (9)]
 14904 | Lair:1   | Reached XP level 12. HP: 57/91 MP: 22/22
 15073 | D:9      | HP: 44/92 [poisoned by a cane toad]
 15078 | D:9      | HP: 37/92 [poisoned by a cane toad]
 15086 | D:9      | HP: 22/92 [blink frog (13)]
 15348 | Lair:1   | Reached skill level 6 in Conjurations
 15348 | Lair:1   | Reached skill level 6 in Hexes
 15348 | Lair:1   | Reached skill level 6 in Summonings
 15348 | Lair:1   | Reached skill level 6 in Necromancy
 15348 | Lair:1   | Reached skill level 6 in Translocations
 15348 | Lair:1   | Reached skill level 6 in Fire Magic
 15348 | Lair:1   | Reached skill level 6 in Ice Magic
 15348 | Lair:1   | Reached skill level 6 in Air Magic
 15348 | Lair:1   | Reached skill level 6 in Earth Magic
 15348 | Lair:1   | Reached skill level 6 in Alchemy
 15469 | Lair:1   | Reached skill level 8 in Invocations
 15554 | D:9      | HP: 42/92 [poisoned by a black mamba]
 15557 | D:9      | HP: 18/92 [black mamba (11)]
 15562 | D:9      | HP: 28/92 [poisoned by a black mamba]
 15567 | D:9      | HP: 24/92 [poisoned by a black mamba]
 15786 | D:10     | Bought the +5 robe of Zeugucko {rPois Int+4} for 543 gold
                  | pieces
 16100 | Lair:2   | HP: 46/92 [poisoned by a water moccasin]
 16254 | Lair:2   | Reached skill level 10 in Unarmed Combat
 16556 | Lair:2   | Reached skill level 8 in Fighting
 16568 | Lair:2   | HP: 43/92 [yak (9)]
 16574 | Lair:2   | HP: 45/92 [torpor snail (1)]
 16592 | Lair:2   | HP: 42/92 [yak (8)]
 16836 | Lair:2   | Learned a level 5 spell: Freezing Cloud
 16899 | Lair:1   | Reached skill level 9 in Dodging
 16986 | Lair:1   | Noticed a boulder beetle
 17011 | Lair:1   | Killed a boulder beetle
 17730 | Lair:1   | Reached skill level 8 in Short Blades
 17730 | Lair:1   | Reached skill level 8 in Long Blades
 17730 | Lair:1   | Reached skill level 8 in Axes
 17730 | Lair:1   | Reached skill level 8 in Maces & Flails
 17730 | Lair:1   | Reached skill level 8 in Polearms
 17730 | Lair:1   | Reached skill level 8 in Staves
 17730 | Lair:1   | Reached skill level 8 in Ranged Weapons
 17730 | Lair:1   | Reached skill level 8 in Throwing
 17730 | Lair:1   | Reached skill level 8 in Armour
 17730 | Lair:1   | Reached skill level 8 in Stealth
 17730 | Lair:1   | Reached skill level 8 in Shields
 17730 | Lair:1   | Reached skill level 8 in Spellcasting
 17730 | Lair:1   | Reached skill level 8 in Evocations
 18406 | Lair:2   | Found a hole to the Spider Nest.
 18414 | Lair:2   | Learned a level 5 spell: Borgnjor's Vile Clutch
 18449 | Lair:2   | Reached skill level 10 in Shapeshifting
 18449 | Lair:2   | Reached XP level 13. HP: 99/99 MP: 6/25
 18553 | Lair:2   | Reached skill level 9 in Invocations
 18923 | Lair:3   | Found a staircase to the Swamp.
 18964 | Lair:3   | Reached skill level 7 in Conjurations
 18964 | Lair:3   | Reached skill level 7 in Hexes
 18964 | Lair:3   | Reached skill level 7 in Summonings
 18964 | Lair:3   | Reached skill level 7 in Necromancy
 18964 | Lair:3   | Reached skill level 7 in Translocations
 18964 | Lair:3   | Reached skill level 7 in Fire Magic
 18964 | Lair:3   | Reached skill level 7 in Ice Magic
 18964 | Lair:3   | Reached skill level 7 in Air Magic
 18964 | Lair:3   | Reached skill level 7 in Earth Magic
 18964 | Lair:3   | Reached skill level 7 in Alchemy
 19299 | Lair:3   | Noticed Fannar
 19313 | Lair:3   | Killed Fannar
 19428 | Lair:3   | HP: 49/100 [poisoned by a black mamba]
 19433 | Lair:3   | HP: 41/100 [poisoned by a black mamba]
 19679 | Lair:3   | Reached skill level 9 in Fighting
 20831 | Lair:4   | Reached skill level 10 in Dodging
 20831 | Lair:4   | Reached skill level 11 in Unarmed Combat
 21153 | Lair:4   | Noticed Ahar's ghost (journeyman HONe)
 21192 | Lair:4   | Reached skill level 9 in Short Blades
 21192 | Lair:4   | Reached skill level 9 in Long Blades
 21192 | Lair:4   | Reached skill level 9 in Axes
 21192 | Lair:4   | Reached skill level 9 in Maces & Flails
 21192 | Lair:4   | Reached skill level 9 in Polearms
 21192 | Lair:4   | Reached skill level 9 in Staves
 21192 | Lair:4   | Reached skill level 9 in Ranged Weapons
 21192 | Lair:4   | Reached skill level 9 in Throwing
 21192 | Lair:4   | Reached skill level 9 in Armour
 21192 | Lair:4   | Reached skill level 9 in Stealth
 21192 | Lair:4   | Reached skill level 9 in Shields
 21192 | Lair:4   | Reached skill level 9 in Spellcasting
 21192 | Lair:4   | Reached skill level 9 in Evocations
 21376 | Lair:4   | Found a runed translucent door.
 21783 | Lair:5   | Entered Level 5 of the Lair of Beasts
 21962 | Lair:5   | Reached XP level 14. HP: 108/108 MP: 18/27
 21969 | Lair:5   | Reached skill level 10 in Invocations
 21989 | Lair:5   | HP: 43/108 [dream sheep (23)]
 21997 | Lair:5   | HP: 43/108 [dream sheep (3)]
 22197 | Lair:5   | Found a staircase to the Slime Pits.
 22245 | Lair:5   | Found a dark tunnel.
 22257 | Volcano  | Entered a volcano
 22476 | Volcano  | Found a radiant altar of Vehumet.
 23056 | Lair:5   | Reached skill level 8 in Conjurations
 23056 | Lair:5   | Reached skill level 8 in Hexes
 23056 | Lair:5   | Reached skill level 8 in Summonings
 23056 | Lair:5   | Reached skill level 8 in Necromancy
 23056 | Lair:5   | Reached skill level 8 in Translocations
 23056 | Lair:5   | Reached skill level 8 in Fire Magic
 23056 | Lair:5   | Reached skill level 8 in Ice Magic
 23056 | Lair:5   | Reached skill level 8 in Air Magic
 23056 | Lair:5   | Reached skill level 8 in Earth Magic
 23056 | Lair:5   | Reached skill level 8 in Alchemy
 23183 | Lair:5   | Noticed a dire elephant
 23236 | Lair:5   | Killed a dire elephant
 23237 | Lair:5   | Reached skill level 10 in Fighting
 23367 | Lair:5   | Identified the +8 lajatang "Penec" {antimagic, rElec rF-
                  | Str-4 SInv}
 23404 | Lair:5   | Reached skill level 11 in Shapeshifting
 24599 | Lair:5   | Noticed a dire elephant
 25110 | Lair:5   | Reached skill level 11 in Dodging
 25112 | Lair:5   | Reached skill level 10 in Short Blades
 25112 | Lair:5   | Reached skill level 10 in Long Blades
 25112 | Lair:5   | Reached skill level 10 in Axes
 25112 | Lair:5   | Reached skill level 10 in Maces & Flails
 25112 | Lair:5   | Reached skill level 10 in Polearms
 25112 | Lair:5   | Reached skill level 10 in Staves
 25112 | Lair:5   | Reached skill level 10 in Ranged Weapons
 25112 | Lair:5   | Reached skill level 10 in Throwing
 25112 | Lair:5   | Reached skill level 10 in Armour
 25112 | Lair:5   | Reached skill level 10 in Stealth
 25112 | Lair:5   | Reached skill level 10 in Shields
 25112 | Lair:5   | Reached skill level 10 in Spellcasting
 25112 | Lair:5   | Reached skill level 10 in Evocations
 25268 | Lair:5   | Killed a dire elephant
 25307 | Lair:5   | Found the +2 shield of Resistance {rF++ rC++ Will++}
 25737 | D:12     | Found a staircase to the Orcish Mines.
 25919 | D:12     | Reached XP level 15. HP: 107/117 MP: 11/29
 25924 | D:12     | Reached skill level 11 in Invocations
 26000 | D:12     | Found a portal to a secret trove of treasure.
 26191 | D:12     | Reached skill level 12 in Unarmed Combat
 27547 | D:12     | Identified the +3 flail of Ragnarok {flame, *Noise Str+3
                  | Stlth+}
 27793 | D:13     | Identified the +0 plate armour of Wu Jian's Envy {rElec}
 28228 | D:13     | Learned a level 6 spell: Sculpt Simulacrum
 28529 | D:13     | Noticed Erolcha
 28534 | D:13     | Killed Erolcha
 28648 | D:13     | Reached skill level 11 in Fighting
 28712 | D:13     | Identified the +0 fire dragon scales "Miosch Lozxe" {-Tele
                  | rF++ rC- Dex+5 SInv}
 28756 | D:13     | Reached skill level 9 in Conjurations
 28756 | D:13     | Reached skill level 9 in Hexes
 28756 | D:13     | Reached skill level 9 in Summonings
 28756 | D:13     | Reached skill level 9 in Necromancy
 28756 | D:13     | Reached skill level 9 in Translocations
 28756 | D:13     | Reached skill level 9 in Fire Magic
 28756 | D:13     | Reached skill level 9 in Ice Magic
 28756 | D:13     | Reached skill level 9 in Air Magic
 28756 | D:13     | Reached skill level 9 in Earth Magic
 28756 | D:13     | Reached skill level 9 in Alchemy
 29795 | D:14     | Found a gate to the Vaults.
 30506 | D:14     | Reached XP level 16. HP: 111/125 MP: 18/30
 30834 | D:14     | Reached skill level 11 in Short Blades
 30834 | D:14     | Reached skill level 11 in Long Blades
 30834 | D:14     | Reached skill level 11 in Axes
 30834 | D:14     | Reached skill level 11 in Maces & Flails
 30834 | D:14     | Reached skill level 11 in Polearms
 30834 | D:14     | Reached skill level 11 in Staves
 30834 | D:14     | Reached skill level 11 in Ranged Weapons
 30834 | D:14     | Reached skill level 11 in Throwing
 30834 | D:14     | Reached skill level 11 in Armour
 30834 | D:14     | Reached skill level 11 in Stealth
 30834 | D:14     | Reached skill level 11 in Shields
 30834 | D:14     | Reached skill level 11 in Spellcasting
 30834 | D:14     | Reached skill level 11 in Evocations
 30838 | D:14     | Reached skill level 12 in Shapeshifting
 30940 | D:14     | Found a shimmering blue altar of Sif Muna.
 31000 | D:14     | Reached skill level 12 in Invocations
 31113 | D:15     | Entered Level 15 of the Dungeon
 31302 | D:15     | Reached skill level 12 in Dodging
 31483 | D:15     | Identified a scroll of acquirement
 31484 | D:15     | Acquired a book of Spectacle
 31653 | D:15     | Found a shimmering altar of Xom.
 31655 | D:15     | Found a shimmering altar of Xom.
 31655 | D:15     | Found a shimmering altar of Xom.
 31655 | D:15     | Found a shimmering altar of Xom.
 31655 | D:15     | Found a shimmering altar of Xom.
 31662 | D:15     | Found a shimmering altar of Xom.
 31663 | D:15     | Found a shimmering altar of Xom.
 31663 | D:15     | Found a shimmering altar of Xom.
 31733 | D:15     | Noticed Jorgrun
 31762 | D:15     | Killed Jorgrun
 31993 | D:15     | Reached skill level 13 in Unarmed Combat
 32191 | D:15     | Noticed Azrael
 32199 | D:15     | HP: 54/126 [Azrael/fireball (12)]
 32200 | D:15     | Killed Azrael
 32508 | D:15     | Found a staircase to the Depths.
 32670 | D:15     | Learned a level 6 spell: Starburst
 32817 | Swamp:1  | Entered Level 1 of the Swamp
 32841 | Swamp:1  | Identified the +0 plate armour of Amorality {rElec Slay+6}
 32896 | Swamp:1  | Noticed a thorn hunter
 32978 | Swamp:1  | Killed a thorn hunter
 33034 | Swamp:1  | Learned a level 6 spell: Summon Cactus Giant
 33286 | Swamp:1  | Noticed Louise
 33295 | Swamp:1  | HP: 62/127 [Louise/bolt of lightning (34)]
 33297 | Swamp:1  | Killed Louise
 33870 | Swamp:2  | Noticed a thorn hunter
 33878 | Swamp:2  | Killed a thorn hunter
 33888 | Swamp:2  | HP: 52/127 [will-o-the-wisp/foxfire (12)]
 34266 | Swamp:2  | Reached skill level 12 in Fighting
 34474 | Swamp:2  | Reached XP level 17. HP: 133/133 MP: 20/32
 35059 | Swamp:2  | Learned a level 4 spell: Passage of Golubria
 35155 | Swamp:3  | Reached skill level 10 in Conjurations
 35155 | Swamp:3  | Reached skill level 10 in Hexes
 35155 | Swamp:3  | Reached skill level 10 in Summonings
 35155 | Swamp:3  | Reached skill level 10 in Necromancy
 35155 | Swamp:3  | Reached skill level 10 in Translocations
 35155 | Swamp:3  | Reached skill level 10 in Fire Magic
 35155 | Swamp:3  | Reached skill level 10 in Ice Magic
 35155 | Swamp:3  | Reached skill level 10 in Air Magic
 35155 | Swamp:3  | Reached skill level 10 in Earth Magic
 35155 | Swamp:3  | Reached skill level 10 in Alchemy
 35317 | Swamp:3  | Found a runed translucent door.
 35371 | Swamp:3  | Noticed Yrphiceun's ghost (adept TeGl)
 36122 | Swamp:4  | Entered Level 4 of the Swamp
 36125 | Swamp:4  | Found a runed translucent door.
 36498 | Swamp:4  | Reached skill level 13 in Invocations
 36712 | Swamp:4  | Reached skill level 12 in Short Blades
 36712 | Swamp:4  | Reached skill level 12 in Long Blades
 36712 | Swamp:4  | Reached skill level 12 in Axes
 36712 | Swamp:4  | Reached skill level 12 in Maces & Flails
 36712 | Swamp:4  | Reached skill level 12 in Polearms
 36712 | Swamp:4  | Reached skill level 12 in Staves
 36712 | Swamp:4  | Reached skill level 12 in Ranged Weapons
 36712 | Swamp:4  | Reached skill level 12 in Throwing
 36712 | Swamp:4  | Reached skill level 12 in Armour
 36712 | Swamp:4  | Reached skill level 12 in Stealth
 36712 | Swamp:4  | Reached skill level 12 in Shields
 36712 | Swamp:4  | Reached skill level 12 in Spellcasting
 36712 | Swamp:4  | Reached skill level 12 in Evocations
 37256 | Swamp:4  | Reached skill level 13 in Dodging
 37367 | Swamp:4  | Noticed a tentacled monstrosity
 37377 | Swamp:4  | Killed a tentacled monstrosity
 37787 | Swamp:4  | Reached skill level 13 in Shapeshifting
 37970 | Swamp:4  | Got a decaying rune of Zot
 38147 | Swamp:4  | Found a shimmering altar of Xom.
 38147 | Swamp:4  | Noticed DimondSprtn's ghost (adept DrAl)
 38247 | Spider:1 | Entered Level 1 of the Spider Nest
 39315 | Spider:1 | Reached skill level 14 in Unarmed Combat
 39315 | Spider:1 | Reached XP level 18. HP: 142/142 MP: 3/34
 40915 | Spider:2 | Reached skill level 13 in Fighting
 42112 | Spider:3 | Reached skill level 14 in Invocations
 42958 | Spider:4 | Entered Level 4 of the Spider Nest
 43048 | Spider:4 | Reached skill level 11 in Conjurations
 43048 | Spider:4 | Reached skill level 11 in Hexes
 43048 | Spider:4 | Reached skill level 11 in Summonings
 43048 | Spider:4 | Reached skill level 11 in Necromancy
 43048 | Spider:4 | Reached skill level 11 in Translocations
 43048 | Spider:4 | Reached skill level 11 in Fire Magic
 43048 | Spider:4 | Reached skill level 11 in Ice Magic
 43048 | Spider:4 | Reached skill level 11 in Air Magic
 43048 | Spider:4 | Reached skill level 11 in Earth Magic
 43048 | Spider:4 | Reached skill level 11 in Alchemy
 43219 | Spider:4 | Identified the amulet of Dogma {Will- Regen+ Int+4 Dex+3}
 43234 | Spider:4 | Reached skill level 13 in Short Blades
 43234 | Spider:4 | Reached skill level 13 in Long Blades
 43234 | Spider:4 | Reached skill level 13 in Axes
 43234 | Spider:4 | Reached skill level 13 in Maces & Flails
 43234 | Spider:4 | Reached skill level 13 in Polearms
 43234 | Spider:4 | Reached skill level 13 in Staves
 43234 | Spider:4 | Reached skill level 13 in Ranged Weapons
 43234 | Spider:4 | Reached skill level 13 in Throwing
 43234 | Spider:4 | Reached skill level 13 in Armour
 43234 | Spider:4 | Reached skill level 13 in Stealth
 43234 | Spider:4 | Reached skill level 13 in Shields
 43234 | Spider:4 | Reached skill level 13 in Spellcasting
 43234 | Spider:4 | Reached skill level 13 in Evocations
 43903 | Spider:4 | HP: 58/143 [meliai/divine providence (15)]
 43908 | Spider:4 | HP: 44/143 [wolf spider (3)]
 43925 | Spider:4 | HP: 40/143 [meliai/divine providence (11)]
 44583 | Spider:4 | HP: 65/143 [broodmother (23)]
 45144 | Spider:4 | Got a gossamer rune of Zot
 45148 | Spider:4 | Identified the +2 hat of Watchfulness {rElec rN+ Will++
                  | Int-5}
 45242 | Spider:4 | Reached XP level 19. HP: 150/150 MP: 31/36
 45528 | Vaults:1 | Entered Level 1 of the Vaults
 45675 | Vaults:1 | Reached skill level 14 in Dodging
 45968 | Vaults:1 | HP: 74/150 [angel/+3 whip of holy wrath (4)]
 45970 | Vaults:1 | HP: 23/150 [orc warlord/+2 war axe (18)]
 46804 | Vaults:1 | Found a white marble altar of Elyvilon.
 47073 | Vaults:1 | Found a runed translucent door.
 47090 | Vaults:1 | Identified the death talisman of the Valley {rF+ Int-4
                  | Slay+5 Stlth+}
 47690 | Vaults:1 | Noticed Yhagabbo's ghost (adept DrCj)
 47830 | Vaults:2 | Found a magical portal.
 47848 | WizLab   | Entered Eringya's Formal Garden
 47855 | WizLab   | Learned a level 5 spell: Yara's Violent Unravelling
 47985 | WizLab   | HP: 73/151 [naga sharpshooter/bolt (11)]
 47990 | WizLab   | HP: 64/151 [poisoned by a naga sharpshooter (splash of
                  | poison)]
 47995 | WizLab   | HP: 62/151 [poisoned by a naga sharpshooter (splash of
                  | poison)]
 48374 | WizLab   | Reached skill level 14 in Shapeshifting
 48492 | WizLab   | HP: 74/151 [constriction (5)]
 48497 | WizLab   | HP: 45/151 [constriction (8)]
 48775 | WizLab   | Reached skill level 15 in Unarmed Combat
 49315 | WizLab   | Found a blossoming altar of Fedhas.
 49621 | Vaults:2 | Reached skill level 14 in Fighting
 49854 | Vaults:3 | Found Ybucirch's Book Emporium.
 49862 | Vaults:3 | Bought a manual of Dodging for 1760 gold pieces
 49880 | Vaults:3 | Identified the +6 chain mail of the Ward {Str+7}
 50012 | Vaults:3 | Reached skill level 15 in Invocations
 50403 | Vaults:3 | Noticed Bai Suzhen
 50815 | Vaults:3 | Reached XP level 20. HP: 137/159 MP: 24/37
 51222 | Vaults:3 | Reached skill level 14 in Short Blades
 51222 | Vaults:3 | Reached skill level 14 in Long Blades
 51222 | Vaults:3 | Reached skill level 14 in Axes
 51222 | Vaults:3 | Reached skill level 14 in Maces & Flails
 51222 | Vaults:3 | Reached skill level 14 in Polearms
 51222 | Vaults:3 | Reached skill level 14 in Staves
 51222 | Vaults:3 | Reached skill level 14 in Ranged Weapons
 51222 | Vaults:3 | Reached skill level 14 in Throwing
 51222 | Vaults:3 | Reached skill level 14 in Armour
 51222 | Vaults:3 | Reached skill level 14 in Stealth
 51222 | Vaults:3 | Reached skill level 14 in Shields
 51222 | Vaults:3 | Reached skill level 14 in Spellcasting
 51222 | Vaults:3 | Reached skill level 14 in Evocations
 51251 | Vaults:3 | Found a staircase to the Crypt.
 51745 | Vaults:3 | Reached skill level 15 in Dodging
 51990 | Vaults:4 | Paralysed by a formless jellyfish for 1 turns
 52256 | Vaults:4 | Reached skill level 12 in Conjurations
 52256 | Vaults:4 | Reached skill level 12 in Hexes
 52256 | Vaults:4 | Reached skill level 12 in Summonings
 52256 | Vaults:4 | Reached skill level 12 in Necromancy
 52256 | Vaults:4 | Reached skill level 12 in Translocations
 52256 | Vaults:4 | Reached skill level 12 in Fire Magic
 52256 | Vaults:4 | Reached skill level 12 in Ice Magic
 52256 | Vaults:4 | Reached skill level 12 in Air Magic
 52256 | Vaults:4 | Reached skill level 12 in Earth Magic
 52256 | Vaults:4 | Reached skill level 12 in Alchemy
 54301 | Orc:1    | Entered Level 1 of the Orcish Mines
 54304 | Orc:1    | Found a roughly hewn altar of Beogh.
 54449 | Orc:1    | HP: 76/160 [ettin zombie[a necromancer] (12)]
 54694 | Orc:1    | Found a roughly hewn altar of Beogh.
 54742 | Orc:1    | Found Bopefurghes's General Store.
 54748 | Orc:1    | Bought a scroll of blinking for 127 gold pieces
 54748 | Orc:1    | Bought a scroll of blinking for 127 gold pieces
 55241 | Orc:2    | Entered Level 2 of the Orcish Mines
 56086 | Orc:2    | Found a bloodstained altar of Trog.
 56240 | Orc:2    | Found a staircase to the Elven Halls.
 56308 | Orc:2    | Found Elurres's Antique Weapon Shop.
 56308 | Orc:2    | Found Qimunk's Weapon Emporium.
 56310 | Orc:2    | Found Locon's General Store.
 56310 | Orc:2    | Found Ewnouga's Jewellery Emporium.
 56318 | Orc:2    | Bought a warped morningstar for 279 gold pieces
 56318 | Orc:2    | Identified the +2 morningstar of Red Defence by Offence
                  | {chaos, *Noise rElec Str-3 Int+7} (You bought it in a shop
                  | on level 2 of the Orcish Mines)
 56320 | Orc:2    | Bought a potion of curing for 36 gold pieces
 56447 | Elf:1    | Entered Level 1 of the Elven Halls
 56621 | Elf:1    | HP: 75/152 [something/lance of force (21)]
 57483 | Elf:1    | Found Fujoamouc's Distillery.
 57492 | Elf:1    | Bought a potion of haste for 160 gold pieces
 57492 | Elf:1    | Bought a potion of heal wounds for 80 gold pieces
 57492 | Elf:1    | Bought a potion of heal wounds for 80 gold pieces
 57492 | Elf:1    | Bought a potion of haste for 160 gold pieces
 57492 | Elf:1    | Bought 2 potions of mutation for 256 gold pieces
 57492 | Elf:1    | Bought a potion of mutation for 128 gold pieces
 57705 | Elf:1    | Got Kikubaaqudgha's Tractate on the Autopsy
 57875 | Elf:2    | Reached XP level 21. HP: 150/167 MP: 27/39
 57876 | Elf:2    | Reached skill level 16 in Dodging
 58231 | Elf:2    | Paralysed by an air elemental for 1 turns
 58297 | Elf:2    | Found an ancient bone altar of Kikubaaqudgha.
 58321 | Elf:2    | Found a glacial archway.
 58344 | Elf:2    | Reached skill level 16 in Unarmed Combat
 58384 | Elf:2    | Reached skill level 16 in Invocations
 58405 | Elf:2    | Reached skill level 15 in Fighting
 58405 | Elf:2    | Paralysed by an air elemental for 1 turns
 58418 | Elf:2    | Reached skill level 15 in Shapeshifting
 58418 | Elf:2    | HP: 83/168 [burnt (4)]
 58425 | Elf:2    | HP: 83/168 [thermic dynamo (2)]
 58489 | IceCv    | Entered an ice cave
 58939 | IceCv    | HP: 74/168 [spriggan defender simulacrum (14)]
 58942 | IceCv    | HP: 24/168 [spriggan defender simulacrum (18)]
 59421 | IceCv    | Learned a level 6 spell: Plasma Beam
 60616 | Elf:2    | Found a runed translucent gate.
 60616 | Elf:2    | Found a runed translucent gate.
 60616 | Elf:2    | Found a runed translucent gate.
 60738 | Elf:2    | HP: 80/168 [+0 glaive of holy wrath (22)]
 61024 | Elf:2    | Reached skill level 15 in Short Blades
 61024 | Elf:2    | Reached skill level 15 in Long Blades
 61024 | Elf:2    | Reached skill level 15 in Axes
 61024 | Elf:2    | Reached skill level 15 in Maces & Flails
 61024 | Elf:2    | Reached skill level 15 in Polearms
 61024 | Elf:2    | Reached skill level 15 in Staves
 61024 | Elf:2    | Reached skill level 15 in Ranged Weapons
 61024 | Elf:2    | Reached skill level 15 in Throwing
 61024 | Elf:2    | Reached skill level 15 in Armour
 61024 | Elf:2    | Reached skill level 15 in Stealth
 61024 | Elf:2    | Reached skill level 15 in Shields
 61024 | Elf:2    | Reached skill level 15 in Spellcasting
 61024 | Elf:2    | Reached skill level 15 in Evocations
 61043 | Elf:2    | HP: 82/168 [+3 vampiric hand axe (8)]
 61062 | Elf:2    | HP: 68/168 [deep elf knight/arrow (16)]
 61713 | Elf:3    | Entered Level 3 of the Elven Halls
 61834 | Elf:3    | Found Oxisuv's Antique Weapon Shop.
 61952 | Elf:3    | Gained mutation: Your body sometimes deteriorates upon
                  | taking damage. [you]
 61958 | Elf:3    | Reached skill level 13 in Ice Magic
 62221 | Elf:3    | HP: 77/168 [deep elf master archer/arrow (26)]
 62240 | Elf:3    | HP: 64/168 [deep elf archer/arrow (22)]
 62541 | Elf:3    | Reached skill level 17 in Dodging
 62966 | Elf:3    | Reached skill level 13 in Conjurations
 62966 | Elf:3    | Reached skill level 13 in Hexes
 62966 | Elf:3    | Reached skill level 13 in Summonings
 62966 | Elf:3    | Reached skill level 13 in Necromancy
 62966 | Elf:3    | Reached skill level 13 in Translocations
 62966 | Elf:3    | Reached skill level 13 in Fire Magic
 62966 | Elf:3    | Reached skill level 13 in Air Magic
 62966 | Elf:3    | Reached skill level 13 in Earth Magic
 62966 | Elf:3    | Reached skill level 13 in Alchemy
 62967 | Elf:3    | HP: 81/169 [Ice Fiend/bolt of cold[a deep elf demonologist]
                  | (17)]
 62974 | Elf:3    | HP: 28/169 [???[a deep elf demonologist] (20)]
 63323 | Elf:3    | Reached XP level 22. HP: 135/176 MP: 31/41
 63561 | Elf:3    | Identified the +4 falchion "Jiluto" {pain, +Blink}
 63650 | Elf:3    | Identified the staff of Integrity {rCorr Int+3 Dex-3 Conj
                  | Earth}
 63656 | Elf:3    | Got the Directory of Blasphemous Acts
 63670 | Elf:3    | Identified the ring "Muxuesodd" {+Blink rF+ Str+3 Dex+2}
 63684 | Elf:3    | Identified the +6 spear of Wounding {drain, rC+ Int+3
                  | Stlth-}
 63702 | Elf:3    | Identified the +4 spear "Gyhapul" {freeze, Str+3 Int+4}
 63872 | Elf:3    | Identified the +1 pair of boots of the Eight Heavens {rElec
                  | rCorr Int+4}
 63886 | Elf:3    | Identified the amulet "Qeq Cer" {Spirit Str+5}
 63892 | Elf:3    | Identified the +5 rapier "Grim" {drain, rC+ Str+3}
 63909 | Elf:3    | Got the Incunabulum of Injury
 64203 | Depths:1 | Entered Level 1 of the Depths
 64684 | Depths:1 | Noticed a caustic shrike
 64695 | Depths:1 | Killed a caustic shrike
 64758 | Depths:1 | Found a gateway to Hell.
 67080 | Depths:2 | Reached skill level 17 in Invocations
 67081 | Depths:2 | Reached skill level 14 in Ice Magic
 67084 | Depths:2 | Noticed a caustic shrike
 67103 | Depths:1 | HP: 82/177 [flayed ghost/flay_damage (25)]
 67107 | Depths:1 | Reached skill level 18 in Dodging
 67248 | Depths:2 | Identified the amulet "Xumokhl Mouqu" {RegenMP *Slow Int+4}
 67377 | Depths:2 | Reached skill level 16 in Fighting
 67388 | Depths:2 | Killed a caustic shrike
 67414 | Depths:2 | HP: 87/178 [deep troll (11)]
 67635 | Depths:2 | Reached skill level 17 in Unarmed Combat
 67784 | Depths:2 | Identified the ring of Koiwnoott {EV+5 Int+6 SInv}
 68207 | Depths:2 | Found a one-way gate leading to the halls of Pandemonium.
 68377 | Depths:2 | Found Giasu's Antique Armour Emporium.
 68500 | Depths:2 | Reached skill level 16 in Polearms
 68587 | Depths:2 | Bought a twisted cloak for 389 gold pieces
 68587 | Depths:2 | Identified the +2 cloak of Cocytus {rC- Str-3 Dex+7 Slay+4}
                  | (You bought it in a shop on level 2 of the Depths)
 68776 | Depths:2 | Got the Discursus on Concussion and Silt
 69042 | Depths:3 | Found a one-way gateway to a ziggurat.
 69074 | Depths:3 | Reached XP level 23. HP: 184/184 MP: 24/42
 69271 | Depths:3 | Identified the +1 helmet of New Discoveries {Int+6}
 69315 | Depths:3 | Reached skill level 16 in Shapeshifting
 69317 | Depths:3 | Reached skill level 16 in Short Blades
 69317 | Depths:3 | Reached skill level 16 in Long Blades
 69317 | Depths:3 | Reached skill level 16 in Axes
 69317 | Depths:3 | Reached skill level 16 in Maces & Flails
 69317 | Depths:3 | Reached skill level 16 in Staves
 69317 | Depths:3 | Reached skill level 16 in Ranged Weapons
 69317 | Depths:3 | Reached skill level 16 in Throwing
 69317 | Depths:3 | Reached skill level 16 in Armour
 69317 | Depths:3 | Reached skill level 16 in Stealth
 69317 | Depths:3 | Reached skill level 16 in Shields
 69317 | Depths:3 | Reached skill level 16 in Spellcasting
 69317 | Depths:3 | Reached skill level 16 in Evocations
 69358 | Depths:3 | HP: 91/184 [poisoned by a naga ritualist (toxic radiance)]
 69363 | Depths:3 | HP: 88/184 [poisoned by a naga ritualist (toxic radiance)]
 70036 | Depths:3 | Noticed a golden dragon
 70053 | Depths:3 | Killed a golden dragon
 70065 | Depths:3 | Noticed Grunn
 70069 | Depths:3 | Killed Grunn
 70320 | Depths:3 | Found Ymei's Serpentskin Sales.
 70402 | Depths:3 | Found a one-way gate to the infinite horrors of the Abyss.
 70633 | Depths:4 | Entered Level 4 of the Depths
 70935 | Depths:4 | Found a broken altar of Ashenzari.
 71116 | Depths:4 | Identified the +2 leather armour "Resenk" {+Blink rPois}
 71345 | Depths:4 | Reached skill level 15 in Ice Magic
 71461 | Depths:4 | Found a gate to the Realm of Zot.
 71524 | Depths:4 | Found Aalaap's Alliterative Armaments.
 71632 | Depths:4 | Noticed Jory
 71646 | Depths:4 | Killed Jory
 71658 | Depths:4 | Reached skill level 19 in Dodging
 71811 | Depths:4 | Found Gunlamp's Jewellery Shoppe.
 71811 | Depths:4 | Found Capp's Weapon Emporium.
 71814 | Depths:4 | Found Qimpyax's Armour Shoppe.
 71817 | Depths:4 | Found Jibo's Armour Emporium.
 71822 | Depths:4 | Bought the amulet "Evunk" {rF+ Regen+ Str+6} for 792 gold
                  | pieces
 72272 | Depths:4 | Reached skill level 17 in Polearms
 72272 | Depths:4 | Reached skill level 14 in Conjurations
 72272 | Depths:4 | Reached skill level 14 in Hexes
 72272 | Depths:4 | Reached skill level 14 in Summonings
 72272 | Depths:4 | Reached skill level 14 in Necromancy
 72272 | Depths:4 | Reached skill level 14 in Translocations
 72272 | Depths:4 | Reached skill level 14 in Fire Magic
 72272 | Depths:4 | Reached skill level 14 in Air Magic
 72272 | Depths:4 | Reached skill level 14 in Earth Magic
 72272 | Depths:4 | Reached skill level 14 in Alchemy
 73237 | Slime:1  | Entered Level 1 of the Pits of Slime
 74445 | Slime:3  | Reached skill level 18 in Invocations
 74445 | Slime:3  | Reached XP level 24. HP: 183/193 MP: 28/43
 75010 | Slime:5  | Entered Level 5 of the Pits of Slime
 75233 | Slime:5  | Paralysed by a formless jellyfish for 1 turns
 75243 | Slime:5  | HP: 94/193 [cloud of freezing vapour (5)]
 75722 | Slime:5  | Gained mutation: Your body often deteriorates upon taking
                  | damage. [a shining eye]
 75738 | Slime:5  | Gained mutation: You are vulnerable to heat. (rF-) [a
                  | shining eye]
 76134 | Slime:5  | Reached skill level 17 in Fighting
 76399 | Slime:5  | Noticed the Royal Jelly
 76424 | Slime:5  | Killed the Royal Jelly
 76429 | Slime:5  | HP: 86/195 [spore (16)]
 76737 | Slime:5  | Reached skill level 18 in Unarmed Combat
 76875 | Slime:5  | Identified the +1 scale mail of Cula {Will+ Int+3 Dex+3}
 76893 | Slime:5  | Acquired Laderem's Catalogue of Created Cinders
 76909 | Slime:5  | Identified the +4 short sword of the Sea {heavy, *Corrode
                  | Will++ Int+2 Dex-2}
 76910 | Slime:5  | Identified the staff "Arra" {rElec rF- Tloc Ice Air Earth}
 76914 | Slime:5  | Got a slimy rune of Zot
 76917 | Slime:5  | Identified the +0 ring mail "Taguw" {Regen+ Slay+5}
 76926 | Slime:5  | Identified the +3 falchion "Ifylletok" {vamp, Fly}
 76941 | Slime:5  | Identified the +4 chain mail of Veuf {rElec rPois Will-
                  | Str+2}
 76950 | Slime:5  | Got the Compendium of the Cucurbite and Graupel
 77523 | Crypt:1  | Entered Level 1 of the Crypt
 77713 | Crypt:1  | Reached skill level 18 in Polearms
 77713 | Crypt:1  | Reached skill level 16 in Ice Magic
 77973 | Crypt:1  | Reached skill level 20 in Dodging
 77975 | Crypt:1  | Reached skill level 17 in Short Blades
 77975 | Crypt:1  | Reached skill level 17 in Long Blades
 77975 | Crypt:1  | Reached skill level 17 in Axes
 77975 | Crypt:1  | Reached skill level 17 in Maces & Flails
 77975 | Crypt:1  | Reached skill level 17 in Staves
 77975 | Crypt:1  | Reached skill level 17 in Ranged Weapons
 77975 | Crypt:1  | Reached skill level 17 in Throwing
 77975 | Crypt:1  | Reached skill level 17 in Armour
 77975 | Crypt:1  | Reached skill level 17 in Stealth
 77975 | Crypt:1  | Reached skill level 17 in Shields
 77975 | Crypt:1  | Reached skill level 17 in Spellcasting
 77975 | Crypt:1  | Reached skill level 17 in Evocations
 79161 | Crypt:1  | Noticed Margery
 79174 | Crypt:1  | Killed Margery
 79189 | Crypt:1  | HP: 79/195 [hellephant[Margery] (27)]
 79763 | Crypt:1  | Reached skill level 17 in Shapeshifting
 79881 | Crypt:1  | HP: 63/195 [??? (49)]
 79890 | Crypt:1  | HP: 43/195 [??? (32)]
 80015 | Vaults:3 | Learned a level 8 spell: Summon Horrible Things
 80244 | Crypt:2  | HP: 91/195 [flayed ghost/flay_damage (28)]
 80787 | Crypt:2  | Reached XP level 25. HP: 198/199 MP: 5/44
 81503 | Crypt:2  | Found a basalt altar of Yredelemnul.
 82158 | Crypt:1  | Found an ancient bone altar of Kikubaaqudgha.
 82320 | Crypt:3  | Entered Level 3 of the Crypt
 83690 | Crypt:2  | Reached skill level 19 in Polearms
 83763 | Crypt:3  | Noticed Sojobo
 83789 | Crypt:3  | Killed Sojobo
 83790 | Crypt:3  | Reached skill level 19 in Invocations
 84292 | Crypt:3  | Reached skill level 15 in Conjurations
 84292 | Crypt:3  | Reached skill level 15 in Hexes
 84292 | Crypt:3  | Reached skill level 15 in Summonings
 84292 | Crypt:3  | Reached skill level 15 in Necromancy
 84292 | Crypt:3  | Reached skill level 15 in Translocations
 84292 | Crypt:3  | Reached skill level 15 in Fire Magic
 84292 | Crypt:3  | Reached skill level 15 in Air Magic
 84292 | Crypt:3  | Reached skill level 15 in Earth Magic
 84292 | Crypt:3  | Reached skill level 15 in Alchemy
 84380 | Crypt:3  | Reached skill level 21 in Dodging
 84468 | Crypt:3  | Reached skill level 17 in Ice Magic
 84470 | Crypt:3  | Noticed a dread lich
 84478 | Crypt:3  | Killed a dread lich
 84553 | Crypt:3  | Found a basalt altar of Yredelemnul.
 85352 | Crypt:3  | Found a staircase to the Tomb.
 85722 | Depths:1 | Bought a scroll of blinking for 135 gold pieces
 85726 | Depths:1 | Bought a scroll of blinking for 187 gold pieces
 85726 | Depths:1 | Bought a scroll of teleportation for 75 gold pieces
 85726 | Depths:1 | Bought a scroll of blinking for 187 gold pieces
 85726 | Depths:1 | Bought a scroll of acquirement for 1300 gold pieces
 85726 | Depths:1 | Bought a scroll of fear for 100 gold pieces
 85726 | Depths:1 | Bought a scroll of enchant armour for 187 gold pieces
 85727 | Depths:1 | Acquired the +7 tower shield of Ethics {rC++ rN+}
 85729 | Depths:1 | Acquired 1036 gold pieces
 85732 | Depths:1 | Bought an ichor-stained robe for 188 gold pieces
 85732 | Depths:1 | Identified the +0 robe of Snakes and Ladders {rPois rN+
                  | Int+4 Stlth-} (You bought it in a shop on level 1 of the
                  | Depths)
 85732 | Depths:1 | Bought a pair of shimmering gloves for 313 gold pieces
 85732 | Depths:1 | Identified the +1 pair of gloves of the King of the Hill
                  | {Regen+ Int-3 Dex+3 SInv} (You bought it in a shop on level
                  | 1 of the Depths)
 85739 | Depths:1 | Bought a potion of haste for 110 gold pieces
 85739 | Depths:1 | Bought a potion of magic for 88 gold pieces
 85741 | Depths:1 | Lost mutation: Your spells are a little easier to cast, but
                  | a little less powerful. [potion of mutation]
 85741 | Depths:1 | Lost mutation: You are vulnerable to heat. (rF-) [potion of
                  | mutation]
 85741 | Depths:1 | Gained mutation: You are partially covered in iridescent
                  | scales. (AC +2) [potion of mutation]
 85741 | Depths:1 | Gained mutation: Your magical capacity is low. (-10% MP)
                  | [potion of mutation]
 85741 | Depths:1 | Gained mutation: You are weak. (Str -2) [potion of
                  | mutation]
 85741 | Depths:1 | Gained mutation: Your movements are slightly less
                  | encumbered by armour. (ER -2) [potion of mutation]
 85742 | Depths:1 | Lost mutation: Your body often deteriorates upon taking
                  | damage. [potion of mutation]
 85742 | Depths:1 | Lost mutation: You are partially covered in iridescent
                  | scales. (AC +2) [potion of mutation]
 85742 | Depths:1 | Lost mutation: Your movements are slightly less encumbered
                  | by armour. (ER -2) [potion of mutation]
 85742 | Depths:1 | Gained mutation: You have sharp toenails. [potion of
                  | mutation]
 85742 | Depths:1 | Lost mutation: You are weak. (Str -2) [potion of mutation]
 85743 | Depths:1 | Lost mutation: Your magical capacity is low. (-10% MP)
                  | [potion of mutation]
 85743 | Depths:1 | Lost mutation: Your body sometimes deteriorates upon taking
                  | damage. [potion of mutation]
 85743 | Depths:1 | Lost mutation: You have sharp toenails. [potion of
                  | mutation]
 85743 | Depths:1 | Gained mutation: Your mind is acute. (Int +4, Str/Dex -1)
                  | [potion of mutation]
 85743 | Depths:1 | Gained mutation: You sometimes lose your temper in combat.
                  | [potion of mutation]
 85744 | Depths:1 | Lost mutation: Your mind is acute. (Int +4, Str/Dex -1)
                  | [potion of mutation]
 85744 | Depths:1 | Lost mutation: You sometimes lose your temper in combat.
                  | [potion of mutation]
 85744 | Depths:1 | Gained mutation: You are vulnerable to cold. (rC-) [potion
                  | of mutation]
 85744 | Depths:1 | Gained mutation: Your magical capacity is low. (-10% MP)
                  | [potion of mutation]
 85744 | Depths:1 | Gained mutation: You have hidden genetic potential. [potion
                  | of mutation]
 85745 | Depths:1 | Lost mutation: Your magical capacity is low. (-10% MP)
                  | [potion of mutation]
 85745 | Depths:1 | Lost mutation: You are vulnerable to cold. (rC-) [potion of
                  | mutation]
 85745 | Depths:1 | Lost mutation: You have hidden genetic potential. [potion
                  | of mutation]
 85745 | Depths:1 | Gained mutation: You possess an exceptional clarity of
                  | mind. [potion of mutation]
 85763 | Depths:1 | Learned a level 7 spell: Haunt
 85908 | Zot:1    | Entered Level 1 of the Realm of Zot
 86707 | Zot:1    | Reached skill level 18 in Fighting
 86845 | Zot:1    | You fall into a shaft and drop 1 floor!
 86848 | Zot:2    | Noticed an orb of fire
 87001 | Zot:1    | Reached skill level 19 in Unarmed Combat
 88221 | Zot:2    | Killed an orb of fire
 88222 | Zot:2    | Reached XP level 26. HP: 159/211 MP: 9/44
 88238 | Zot:2    | Reached skill level 18 in Short Blades
 88238 | Zot:2    | Reached skill level 18 in Long Blades
 88238 | Zot:2    | Reached skill level 18 in Axes
 88238 | Zot:2    | Reached skill level 18 in Maces & Flails
 88238 | Zot:2    | Reached skill level 18 in Staves
 88238 | Zot:2    | Reached skill level 18 in Ranged Weapons
 88238 | Zot:2    | Reached skill level 18 in Throwing
 88238 | Zot:2    | Reached skill level 18 in Armour
 88238 | Zot:2    | Reached skill level 18 in Stealth
 88238 | Zot:2    | Reached skill level 18 in Shields
 88238 | Zot:2    | Reached skill level 18 in Spellcasting
 88238 | Zot:2    | Reached skill level 18 in Evocations
 88586 | Zot:2    | Identified the +7 sling of a volcano {drain, rElec rC+
                  | Will+ Str-4}
 88899 | Zot:3    | Reached skill level 20 in Polearms
 90788 | Zot:3    | Identified the +11 short sword of Massacring {holy, *Noise
                  | Int+5 Dex+3}
 90789 | Zot:3    | Reached skill level 22 in Dodging
 91282 | Zot:3    | Reached skill level 18 in Ice Magic
 91312 | Zot:3    | Reached skill level 18 in Shapeshifting
 91627 | Zot:3    | Noticed an orb of fire
 91630 | Zot:3    | Noticed an orb of fire
 91863 | Zot:3    | Killed an orb of fire
 92127 | Zot:3    | Gained mutation: You are frail. (-10% HP) [an orb of fire]
 92161 | Zot:3    | Killed an orb of fire
 92162 | Zot:3    | Reached skill level 20 in Unarmed Combat
 92417 | Zot:3    | Found a faded altar of an unknown god.
 92422 | Zot:3    | Identified the +10 crystal plate armour of Hianyaqi {rF+
                  | Dex+3}
 93374 | Zot:4    | Reached skill level 20 in Invocations
 93440 | Zot:4    | HP: 93/191 [red draconian scorcher/damnation[a white
                  | draconian stormcaller] (33)]
 95040 | Zot:5    | Entered Level 5 of the Realm of Zot
 95452 | Zot:5    | Reached XP level 27. HP: 198/198 MP: 23/45
 95584 | Zot:5    | Reached skill level 21 in Polearms
 96163 | Zot:5    | Noticed an ancient lich
 96172 | Zot:5    | Killed an ancient lich
 96344 | Zot:5    | Noticed a dread lich
 96345 | Zot:5    | Noticed an orb of fire
 96345 | Zot:5    | Noticed a dread lich
 96348 | Zot:5    | Noticed an orb of fire
 96354 | Zot:5    | Noticed an ancient lich
 96360 | Zot:5    | Killed a dread lich
 96362 | Zot:5    | Reached skill level 16 in Conjurations
 96362 | Zot:5    | Reached skill level 16 in Hexes
 96362 | Zot:5    | Reached skill level 16 in Summonings
 96362 | Zot:5    | Reached skill level 16 in Necromancy
 96362 | Zot:5    | Reached skill level 16 in Translocations
 96362 | Zot:5    | Reached skill level 16 in Fire Magic
 96362 | Zot:5    | Reached skill level 16 in Air Magic
 96362 | Zot:5    | Reached skill level 16 in Earth Magic
 96362 | Zot:5    | Reached skill level 16 in Alchemy
 96366 | Zot:5    | Killed an ancient lich
 96371 | Zot:5    | Killed an orb of fire
 96391 | Zot:5    | Reached skill level 19 in Fighting
 96571 | Zot:5    | Noticed a dread lich
 96595 | Zot:5    | Killed a dread lich
 96662 | Zot:5    | Reached skill level 23 in Dodging
 96667 | Zot:5    | Noticed a dread lich
 96708 | Zot:5    | Reached skill level 21 in Unarmed Combat
 96718 | Zot:5    | Reached skill level 19 in Short Blades
 96718 | Zot:5    | Reached skill level 19 in Long Blades
 96718 | Zot:5    | Reached skill level 19 in Axes
 96718 | Zot:5    | Reached skill level 19 in Maces & Flails
 96718 | Zot:5    | Reached skill level 19 in Staves
 96718 | Zot:5    | Reached skill level 19 in Ranged Weapons
 96718 | Zot:5    | Reached skill level 19 in Throwing
 96718 | Zot:5    | Reached skill level 19 in Armour
 96718 | Zot:5    | Reached skill level 19 in Stealth
 96718 | Zot:5    | Reached skill level 19 in Shields
 96718 | Zot:5    | Reached skill level 19 in Spellcasting
 96718 | Zot:5    | Reached skill level 19 in Evocations
 96734 | Zot:5    | Noticed an orb of fire
 96748 | Zot:5    | Killed an orb of fire
 97077 | Zot:5    | Got the Orb of Zot
 97085 | Zot:5    | Noticed Xuneabas the pandemonium lord
 97091 | Zot:5    | Reached skill level 19 in Ice Magic
 97240 | Zot:2    | HP: 98/198 [??? (77)]
 97245 | Zot:2    | HP: 59/198 [??? (46)]
 97649 | D:8      | Noticed Gafocw the pandemonium lord
 97649 | D:8      | Noticed an ancient lich
 97834 | D:$      | Escaped with the Orb!

Illustrated notes

Levels and vault maps discovered:
D:1:      minmay_arrival_doors, layout_rooms, minmay_surrounded
D:2:      layout_loops_ring, kennysheep_minor_cross, minmay_ruptured
D:3:      layout_loops_ring, serial_forest, infiniplex_forest_straight_5,
          infiniplex_forest_clump_long, infiniplex_forest_clump_curved,
          infiniplex_forest_clump_tiny, infiniplex_forest_clump_medium,
          infiniplex_forest_clump_small, infiniplex_forest_corner_1,
          hellmonk_ecumenical_altar_pennies_from_heaven,
          gammafunk_ghost_mausoleum, minmay_liquid_box,
          kennysheep_generic_room_10
D:4:      layout_basic, uniq_robin
D:5:      layout_layer_cave, minmay_temple_entry_wispy,
          hangedman_decor_slide_cut, chequers_serial_rivers_room_a,
          uniq_menkaure
D:6:      layout_rooms, gammafunk_temple_overflow_wave
D:7:      minmay_s_stair_smasher, layout_loops_ring, lemuel_round_altar,
          the_hattery
D:8:      layout_basic, fountainhead
D:9:      layout_basic, erik_lair_island
D:10:     layout_roguey, serial_shops, nicolae_stop_n_shop_1, bh_walls_and_bars,
          uniq_urug, uniq_josephine, uniq_snorg
D:11:     layout_rooms, kennysheep_doodads
D:12:     regret_index_reflect_refract, layout_irregular_city, david_orc_3,
          serial_glass, glass_columns_b, glass_columns_a, glass_columns_b,
          glass_columns_c, glass_columns_b, enter_trove_5
D:13:     layout_basic, minmay_misc_feat_alley, minmay_hollow_rounded_squares,
          uniq_erolcha
D:14:     layout_cave_pools, erik_vaults_1, lemuel_blue_sif_altar
D:15:     gammafunk_enter_depths_forms, layout_rooms, xom_shifter_show,
          serial_rivers, chequers_serial_rivers_marsh,
          chequers_serial_rivers_micro_b, chequers_serial_rivers_small_3,
          chequers_serial_rivers_micro_b, chequers_serial_rivers_small_3,
          uniq_jorgrun, uniq_azrael
Temple:   hellmonk_temple_of_storms
Lair:1:   layout_regular_city, pdpol_lair_cavern_descent, lemuel_fruit_tree
Lair:2:   layout_cave_pods, nicolae_spider_entry_lesser_pyramids
Lair:3:   layout_gridlike, skrybe_swamp_entry_bodies, grunt_megastairs_3,
          infiniplex_staircase_pool, uniq_fannar
Lair:4:   layout_concentric_octagons, hellmonk_ghost_happy_afterlife
Lair:5:   hangedman_lair_in_review, layout_gridlike, dpeg_slime_entry_corner,
          lightli_volcano_entry_magma_tube
Swamp:1:  layout_basic_swamp, evilmike_swamp_ruin_house_1, uniq_louise
Swamp:2:  layout_basic_swamp, nicolae_swamp_stair_fork
Swamp:3:  layout_basic_swamp, ebering_ghost_inner_flame,
          evilmike_swamp_ruin_house_6, swamp_pool_3
Swamp:4:  nzn_swamp_witches_coven, layout_basic_swamp, ebering_ghost_xom
Spider:1: layout_spider_delve
Spider:2: layout_spider_delve
Spider:3: layout_chambers
Spider:4: grunt_spider_rune_parallel, guppyfry_spider_mini_1
Slime:1:  layout_caves, nicolae_slime_ancient_tower_intersection
Slime:2:  layout_caves, nicolae_slime_getting_an_eyeful
Slime:3:  layout_caves
Slime:4:  layout_caves
Slime:5:  slime_pit_nicolae_royal_road_to_ruin
Orc:1:    dreamdust_under_siege, layout_diamond_mine, basic_altar, serial_shops,
          shop
Orc:2:    grunt_orc_tribal_feast, layout_caves, basic_altar
Elf:1:    layout_loops_ring, serial_shops, shop_statue, minmay_elf_necromancy
Elf:2:    nicolae_elf_blades_splatter_lattice
          [nicolae_blade_entry_hurt_lockers], layout_geoelf_diagonals,
          portal_ice_cave_entry_ugly_swarm, lemuel_statue_altar
Elf:3:    minmay_elf_hall, layout_geoelf_octagon, serial_shops, shop
Vaults:1: ebering_ghost_reflecting_pool, v_misc_18, lemuel_angel_altar,
          nicolae_vaults_surprise_closet, nicolae_vaults_asterisk,
          nicolae_vaults_asterisk, ontoclasm_vaults_idyll,
          layout_vaults_omnigrid
Vaults:2: mu_enter_wizlab_5, nicolae_vaults_weapon_check,
          nicolae_vaults_surprise_closet, layout_vaults_maze_snakey,
          serial_shops
Vaults:3: minmay_crypt_entry_simple_round, nicolae_vaults_disjoint_gnomons,
          nicolae_vaults_variable_pillar_hall, grunt_vaults_twisty,
          ontoclasm_vaults_eye, nicolae_vaults_enemy_cabinets,
          nicolae_vaults_little_squares_4, ontoclasm_vaults_gateway,
          nicolae_vaults_oval_intersection, ontoclasm_vaults_hangar,
          nicolae_vaults_trapezoid_3, vaults_room_semicircle,
          layout_vaults_ring, serial_shops, nicolae_shop_pleasant_corner_grove,
          uniq_bai_suzhen
Vaults:4: nicolae_vaults_trapezoid_3, ontoclasm_vaults_twist,
          nicolae_vaults_closet_pinwheel_3, v_misc_4, nicolae_vaults_house_3,
          hangedman_vaults_slither, vaults_mumra_chevron,
          nicolae_vaults_house_2, nicolae_vaults_yaktaur_gun_rack,
          nicolae_vaults_little_squares_3, nicolae_vaults_double_plus_1,
          nicolae_vaults_double_plus_1, layout_vaults_omnicross
Crypt:1:  layout_gridlike, hex_intersection, roderic_lattice_octagonal_star,
          lemuel_upstairs_altar, grunt_megastairs_2, uniq_margery
Crypt:2:  layout_basic, basic_altar, nicolae_crypt_lounge_for_the_living
Crypt:3:  cryptofortress_bobbens, uniq_sojobo
Depths:1: evilmike_hourglass, layout_gridlike, grunt_mini_vestibule,
          hangedman_decor_lopped
Depths:2: minmay_cut_squares, layout_gridlike, rand_demon_pan_entry_4,
          serial_shops, nicolae_shop_hallway_stairs, grunt_decor_resistance,
          hell_entry
Depths:3: kennysheep_ambush_hall, layout_basic, enter_ziggurat_f, abyss_entry,
          rand_demon_pan_entry_5, hell_entry, guppyfry_shop_venom, uniq_grunn
Depths:4: evilmike_zot_entry_round, layout_honeycomb, evilmike_ruin_ashenzari,
          hell_entry, monkooky_shop_alliterative, minmay_shoptagon, uniq_jory
Zot:1:    layout_gridlike, skrybe_zot_glass_1
Zot:2:    grunt_zot_stairs_mandelzot, layout_misc_corridors,
          grunt_ministairs_10, uniq_josephina
Zot:3:    regret_index_infernal_bastille, layout_onion_interference,
          grunt_megastairs_4
Zot:4:    nicolae_moth_party, layout_gridlike,
          regret_index_zotdec_carving_tricks
Zot:5:    layout_misc_corridors

Skill      XL: |  1  2  3  4  5  6  7  8  9 10 11 12 13 14 15 16 17 18 19 20 21 22 23 24 25 26 27 |
---------------+----------------------------------------------------------------------------------+-----
Invocations    | 1 2 3 4 5 6 7 8 9 10 11 12 13 14 15 16 17 18 19 20 | 20.5
Short Blades   | 1 2 3 5 6 7 8 9 10 11 12 13 14 15 16 17 18 19 | 19.0
Long Blades    | 1 2 3 5 6 7 8 9 10 11 12 13 14 15 16 17 18 19 | 19.0
Axes           | 1 2 3 5 6 7 8 9 10 11 12 13 14 15 16 17 18 19 | 19.0
Maces & Flails | 1 2 3 5 6 7 8 9 10 11 12 13 14 15 16 17 18 19 | 19.0
Polearms       | 1 2 3 5 6 7 8 9 10 11 12 13 14 15 16 17 18 19 20 21 | 21.5
Staves         | 1 2 3 5 6 7 8 9 10 11 12 13 14 15 16 17 18 19 | 19.0
Ranged Weapons | 1 2 3 5 6 7 8 9 10 11 12 13 14 15 16 17 18 19 | 19.0
Throwing       | 1 2 3 5 6 7 8 9 10 11 12 13 14 15 16 17 18 19 | 19.0
Armour         | 1 2 3 5 6 7 8 9 10 11 12 13 14 15 16 17 18 19 | 19.0
Stealth        | 1 2 3 5 6 7 8 9 10 11 12 13 14 15 16 17 18 19 | 19.0
Shields        | 1 2 3 5 6 7 8 9 10 11 12 13 14 15 16 17 18 19 | 19.0
Spellcasting   | 1 2 3 5 6 7 8 9 10 11 12 13 14 15 16 17 18 19 | 19.0
Evocations     | 1 2 3 5 6 7 8 9 10 11 12 13 14 15 16 17 18 19 | 19.0
Conjurations   | 1 2 3 4 5 6 7 8 9 10 11 12 13 14 15 16 | 16.2
Hexes          | 1 2 3 4 5 6 7 8 9 10 11 12 13 14 15 16 | 16.2
Summonings     | 1 2 3 4 5 6 7 8 9 10 11 12 13 14 15 16 | 16.2
Necromancy     | 1 2 3 4 5 6 7 8 9 10 11 12 13 14 15 16 | 16.2
Translocations | 1 2 3 4 5 6 7 8 9 10 11 12 13 14 15 16 | 16.2
Fire Magic     | 1 2 3 4 5 6 7 8 9 10 11 12 13 14 15 16 | 16.2
Ice Magic      | 1 2 3 4 5 6 7 8 9 10 11 12 13 14 15 16 17 18 19 | 19.0
Air Magic      | 1 2 3 4 5 6 7 8 9 10 11 12 13 14 15 16 | 16.2
Earth Magic    | 1 2 3 4 5 6 7 8 9 10 11 12 13 14 15 16 | 16.2
Alchemy        | 1 2 3 4 5 6 7 8 9 10 11 12 13 14 15 16 | 16.2
Fighting       | 3 4 5 6 7 8 9 10 11 12 13 14 15 16 17 18 19 | 19.1
Dodging        | 5 6 7 8 9 10 11 12 13 14 15 17 18 19 20 21 22 23 | 23.1
Unarmed Combat | 7 8 9 10 11 12 13 14 15 16 17 18 19 20 21 | 21.1
Shapeshifting  | 7 8 9 10 11 12 13 14 15 16 17 18 | 18.6

Action                     |  1- 3 |  4- 6 |  7- 9 | 10-12 | 13-15 | 16-18 | 19-21 | 22-24 | 25-27 || total
---------------------------+-------+-------+-------+-------+-------+-------+-------+-------+-------++-------
  Melee: Unarmed           |    28 |       |       |       |       |       |       |       |       ||    28
         Short sword       |    48 |   143 |   562 |    42 |       |       |       |       |       ||   795
         Bite              |     8 |    22 |    82 |   118 |   120 |    74 |   139 |   189 |   148 ||   900
         Flail             |       |    47 |   154 |   571 |       |       |       |       |       ||   772
         Scimitar          |       |       |       |   359 |   245 |       |       |       |       ||   604
         Lajatang          |       |       |       |       |    65 |       |       |       |       ||    65
         Demon blade       |       |       |       |       |   340 |   489 |   529 |       |       ||  1358
         Morningstar       |       |       |       |       |       |       |   238 |   766 |   730 ||  1734
  Throw: Dart              |       |       |     8 |    31 |       |       |       |       |     2 ||    41
         Boomerang         |       |       |    10 |    13 |       |       |       |       |       ||    23
         Javelin           |       |       |       |       |       |       |       |       |     1 ||     1
   Cast: Freezing Cloud    |       |       |       |    26 |   110 |   194 |   150 |   111 |    35 ||   626
         Borgnjor's Vile C |       |       |       |     4 |   276 |   462 |   339 |   320 |   188 ||  1589
         Summon Cactus Gia |       |       |       |       |       |    36 |    95 |    89 |     8 ||   228
         Starburst         |       |       |       |       |       |     1 |    12 |    46 |    38 ||    97
         Passage of Golubr |       |       |       |       |       |       |     2 |     4 |     7 ||    13
         Sculpt Simulacrum |       |       |       |       |       |       |     7 |    61 |     5 ||    73
         Yara's Violent Un |       |       |       |       |       |       |     5 |       |     2 ||     7
         Plasma Beam       |       |       |       |       |       |       |    18 |    39 |    55 ||   112
         Summon Horrible T |       |       |       |       |       |       |       |     1 |    38 ||    39
         Haunt             |       |       |       |       |       |       |       |       |   108 ||   108
 Invoke: Call Merchant     |       |       |       |       |       |       |       |       |     6 ||     6
         Bribe Branch      |       |       |       |       |       |       |       |       |     4 ||     4
Ability: Begin Untransform |       |     1 |       |       |       |       |       |       |       ||     1
         Evoke Invisibilit |       |       |       |     2 |       |       |       |       |       ||     2
  Evoke: Wand              |       |       |       |     6 |     7 |     8 |    16 |    18 |    22 ||    77
         Phial of floods   |       |       |       |       |       |       |     1 |     2 |     2 ||     5
         Phantom mirror    |       |       |       |       |       |       |     1 |     1 |     2 ||     4
         Lightning rod     |       |       |       |       |       |       |       |     1 |       ||     1
         Condenser vane    |       |       |       |       |       |       |       |     1 |       ||     1
    Use: Potion            |       |       |     1 |     1 |       |       |       |       |    12 ||    14
         Scroll            |       |       |       |     9 |     4 |    15 |     5 |     4 |    10 ||    47
   Stab: Distracted        |       |       |     1 |     3 |     5 |     8 |    10 |     5 |    20 ||    52
         Invisible         |       |       |       |    10 |       |       |       |       |     2 ||    12
         Sleeping          |       |       |       |     2 |     3 |     1 |    12 |     4 |       ||    22
         Petrified         |       |       |       |       |     3 |       |       |       |       ||     3
         Confused          |       |       |       |       |       |       |     3 |    18 |    10 ||    31
         Petrifying        |       |       |       |       |       |       |       |     6 |     1 ||     7
         Held in net/web   |       |       |       |       |       |       |       |     2 |     2 ||     4
         Paralysed         |       |       |       |       |       |       |       |     2 |     2 ||     4
 Armour: Animal skin       |     9 |       |       |       |       |       |       |       |       ||     9
         Chain mail        |    28 |   198 |   547 |   184 |       |       |       |       |       ||   957
         Skin              |       |       |     8 |       |       |       |       |       |       ||     8
         Ring mail         |       |       |       |   424 |       |       |       |       |       ||   424
         Robe              |       |       |       |   124 |   445 |   501 |   622 |   609 |   560 ||  2861
  Dodge: Dodged            |    24 |    95 |   254 |   650 |   372 |   320 |   447 |   540 |   537 ||  3239
  Block: Kite shield       |       |       |       |       |   257 |   449 |   610 |   557 |   545 ||  2418

Table legend: (Time is in decaauts)
 A = Elapsed time spent in this place.
 B = Non-inter-level travel time spent in this place.
 C = Inter-level travel time spent in this place.
 D = Time resting spent in this place.
 E = Time spent auto-exploring this place.
 F = Levels seen in this place.
 G = Mean time per level.
                   A        B        C        D        E       F      G
               +--------+--------+--------+--------+--------+-----+--------+
         Total |  97703 |  91005 |   6698 |  13142 |  58639 |  58 | 1684.5 |
       Dungeon |  24145 |  22111 |   2034 |   3595 |  13564 |  15 | 1609.7 |
        Temple |     36 |      1 |     35 |      0 |      0 |   1 |   36.0 |
          Lair |   9599 |   8656 |    943 |   1105 |   5624 |   5 | 1919.8 |
         Swamp |   5525 |   5392 |    133 |    439 |   3887 |   4 | 1381.2 |
   Spider Nest |   7100 |   6692 |    408 |    505 |   5100 |   4 | 1775.0 |
    Slime Pits |   3976 |   3657 |    319 |   1007 |   1646 |   5 |  795.2 |
  Orcish Mines |   2151 |   2002 |    149 |      6 |   1618 |   2 | 1075.5 |
   Elven Halls |   5854 |   5557 |    297 |    570 |   3819 |   3 | 1951.3 |
        Vaults |   7918 |   7175 |    743 |   1368 |   4555 |   4 | 1979.5 |
         Crypt |   7079 |   6836 |    243 |   1570 |   3795 |   3 | 2359.7 |
        Depths |   8998 |   8334 |    664 |    539 |   5871 |   4 | 2249.5 |
           Zot |  11306 |  10580 |    726 |   1276 |   7300 |   5 | 2261.2 |
      Ice Cave |   1717 |   1717 |      0 |    484 |    941 |   1 | 1717.0 |
       Volcano |    620 |    620 |      0 |    213 |    145 |   1 |  620.0 |
        Wizlab |   1674 |   1674 |      0 |    465 |    771 |   1 | 1674.0 |
               +--------+--------+--------+--------+--------+-----+--------+

Top non-repeatable levels by time:
   Zot:3: 3670 daAuts
  Lair:5: 3038 daAuts
 Crypt:2: 3010 daAuts
Depths:1: 2846 daAuts
Vaults:3: 2808 daAuts
   Zot:4: 2706 daAuts
   Elf:2: 2617 daAuts
    D:13: 2616 daAuts
     D:9: 2553 daAuts
    D:12: 2400 daAuts
Depths:4: 2361 daAuts
Vaults:1: 2246 daAuts
     D:5: 2237 daAuts
Vaults:4: 2226 daAuts
 Swamp:4: 2123 daAuts
